Workbook
Name _Toc2806825: Disclaimer!#REF!
Name _Toc2806825: Glossary!$B$5
Name C.Qtr.Comp: [1]Chart_Data_Instances_D!$E$23
Name C.Qtr.Current: [1]Chart_Data_Instances_D!$E$21
Name C.Qtr.CurrentMonth: [1]Chart_Data_Instances_D!$H$21
Name C.Qtr.HY1: [1]Chart_Data_Instances_D!$E$19
Name C.Qtr.HY2: [1]Chart_Data_Instances_D!$E$20
Name C.Qtr.Previous: [1]Chart_Data_Instances_D!$E$22
Name ErrCk: [1]General_A!$J$191
Name jj: #REF!
Name kkk: #REF!
Name L.QuarterLabels: [1]Chart_Data_Instances_D!$E$12:$E$15
Name L_DisplayName: [1]General_A!$K$74:$K$117
Name L_GroupList: [1]General_A!$J$121:$J$140
Name L_GroupName: [1]General_A!$J$74:$J$117
Name L_QtrRange: [1]General_A!$J$35:$J$70
Name L_QuarterNames: [1]General_A!$J$25:$J$28
Name L_Quarters: [1]General_A!$J$30:$J$33
Name L_SQLItemName: [1]General_A!$L$74:$L$117
Name L_YesNo: [1]General_A!$J$22:$J$23
Name ModelName: [1]General_A!$J$11
Name PartialSwitch: [1]General_A!$J$16
Name QCht10: #REF!
Name QCht10: #REF!
Name QCht10: #REF!
Name QCht10: #REF!
Name QCht12: #REF!
Name QCht12: #REF!
Name QCht12: #REF!
Name QCht12: #REF!
Name QCht13: #REF!
Name QCht13: #REF!
Name QCht13: #REF!
Name QCht13: #REF!
Name QCht14: #REF!
Name QCht14: #REF!
Name QCht14: #REF!
Name QCht14: #REF!
Name QCht15: #REF!
Name QCht15: #REF!
Name QCht15: #REF!
Name QCht15: #REF!
Name QCht15a: #REF!
Name QCht15a: #REF!
Name QCht15a: #REF!
Name QCht15a: #REF!
Name QCht16: #REF!
Name QCht16: #REF!
Name QCht16: #REF!
Name QCht16: #REF!
Name QCht17: #REF!
Name QCht17: #REF!
Name QCht17: #REF!
Name QCht17: #REF!
Name QCht18: #REF!
Name QCht18: #REF!
Name QCht18: #REF!
Name QCht18: #REF!
Name QCht19: #REF!
Name QCht19: #REF!

Sheet Control
A2: 23 | B2: CY2023
A3: 22 | B3: CY2022
A4: 21 | B4: CY2021
A5: 20 | B5: CY2020
A6: 19 | B6: CY2019
A7: 18 | B7: CY2018
A8: 17 | B8: CY2017
A9: 16 | B9: CY2016
A10: 15 | B10: CY2015
A11: 14 | B11: CY2014
A12: 13 | B12: CY2013
A13: 12 | B13: CY2012
... A15: 10 | B15: CY2010

Sheet Disclaimer
C2: Internet Advertising Revenue Report (IARR)
C3: For the financial year and quarter ended 30 June 2026
B5: Disclaimer
B7: Scope
B8: PricewaterhouseCoopers (“PwC” or “we”) prepared this report solely for the Interactive Advertising Bureau (IAB)’s use and benefit in accordance with and for the purpose set out in the engagement letter with IAB dated 29 August 2025 (“Agreement”) and in the “Scope” section of this report. In doing so, we acted exclusively for IAB and considered no-one else’s interests.
B9: Our engagement did not constitute an audit in accordance with Australian Auditing Standards or a review in accordance with Australian Auditing Standards applicable to review engagements and accordingly no such assurance is provided in this report.
B11: Restriction on the use and distribution of our report
B12: This report is solely for the use of IAB for the purposes set out in the Agreement, and should not be relied on for any other purpose. IAB may not make copies of this report available to other persons without our prior consent or except as permitted under the Agreement.
B13: To the extent permitted by law, we accept no responsibility, duty or liability for any consequence of any use of or reliance of the report by anyone other than IAB and for any use by IAB other than for the purpose set out above.
B14: We make no representation concerning the appropriateness of this report for anyone other than IAB. If anyone other than IAB chooses to use or rely on it they do so at their own risk.
B15: We are not obliged to provide any additional information or update anything in this report, even if matters come to our attention which are inconsistent with its contents.
B16: Notwithstanding the above, IAB is permitted to disclose this report to its members provided that before receiving this report the members agree:
B17: 1. This report is strictly confidential and not to disclose this report, except where required by law;
B18: 2. The members use the report at their own risk and have no recourse to PwC in connection with it; and
... B26: Liability limited by a scheme approved under Professional Standards Legislation.

Sheet Glossary
C2: Internet Advertising Revenue Report (IARR)
C3: =Disclaimer!C3 -> For the financial year and quarter ended 30 June 2026
B5: Glossary
B7: Advertising Expenditure Types
B9: Advertising Term | C9: Description
B11: General Display | C11: Includes the use of banners, images, video or audio elements, which may be presented on websites, personal feeds and/or streaming offerings. This category is the aggregate of Video and Display categories, which are defined immediately below.
B12: Display | C12: Includes the use of banners, images or audio elements, which may be presented on websites, personal feeds and/or streaming offerings. This also includes affiliate marketing programmes, partnerships, sponsorships and emails. This category is the aggregate of Standard Display, Infeed/Native and Other categories, which are respectively defined in the section below. This category does not include Video.
B13: Video | C13: TV-like advertisements that may appear as in-page video commercials or before, during, and/or after a variety of context in a player environment including but not limited to, streaming video, animation, gaming, music video content. This definition includes broadband video commercials that appear in live, archived, and downloadable streaming content.
B14: Classifieds | C14: Expenditure on ads placed to buy or sell an item or service, or to report an item of information.
B15: Search | C15: Expenditure from online directory or search engine listings.
B17: Please note: This report does not include any e-commerce or transaction-based expenditure.
B19: Types of General Display Advertising
B21: Advertising Term | C21: Description
B23: Standard Display | C23: Static or rich media display ad units (excluding video) including splash screens and interstitials.
B24: Infeed/Native | C24: Paid branded/sponsored content, native display formats, infeed ad units.
B25: Video | C25: TV-like advertisements that may appear as in-page video commercials or before, during, and/or after a variety of context in a player environment including but not limited to, streaming video, animation, gaming, music video content. This definition includes broadband video commercials that appear in live, archived, and downloadable streaming content.
B26: Other | C26: Email, tenancies, lead generation, streaming audit ads, live reads during podcasts, dynamic ads in podcasts and other. Excludes DAB revenues.
B28: Types of General Display Advertising- buying formats
B30: Advertising Term | C30: Description
B32: Direct | C32: Inventory booked directly by an advertiser.
B33: Agency (via IO) | C33: Inventory booked by a media agency via an insertion order (IO) / non-programmatic method
B34: Programmatic (Guaranteed) | C34: Inventory purchased via a programmatic method with a fixed CPM and guaranteed inventory.
B35: Programmatic (RTB/PMP) | C35: Inventory purchased via a programmatic method with a variable CPM based on real time bidding – can be via exchange or private market place.
B38: General Display Advertising Industry Categories
B40: Term | C40: Description
B42: Alcoholic Beverages | C42: Any business that is involved with the manufacturing, distribution and sale of any liquid/beverage intended for drinking that contains an intoxicant. This includes beer, wine, spirits and pre-mixed alcoholic products.
B44: Automotive | C44: Any business involved in the manufacturing, marketing, sales and servicing of motor vehicles, which includes cars, trucks, motorbikes and motorised scooters. Includes auto-specific online sites and apps.
B45: Charities | C45: This pertains to community service and charity organisations that provide products and services for the benefit of the community. It includes organisations such as the Salvation Army, Red Nose Day etc.
B46: Education | C46: Any business, organisation or institution in either the private or the government sectors that provides education and training services. This includes any primary, secondary, tertiary educational institutions, adult education centres, colleges, TAFE institutes, correspondence schools and cultural learning centres.
B47: Entertainment & Media | C47: Any business involved with the creation and delivery of content. This includes radio, home entertainment (including television), cinema, music (live, recorded, published), publications (such as newspapers, magazines), games and gaming consoles and other entertainment services (e.g. theme parks)
B48: Finance | C48: Any business providing banking products or services for personal or business purposes. Services can include credit card services, loans and wealth management (excluding superannuation). Any business involved in the provision and management of superannuation funds, including public and private companies and industry funds.
B49: FMCG | C49: Any business involved in the production, distribution and sale of foodstuff items which can be considered supermarket goods. Any business involved in the production, distribution and sale of beverage items (excluding alcohol) which can be considered supermarket goods.
B50: Gambling | C50: Any business involved in the wagering of money including online betting and lotteries and the manufacturing of poker machines.
B51: Government | C51: Any organisation providing services for, or on behalf of, a Federal, State or Local government body, agency or department.
B52: Home Products/Services/Utilities | C52: Any business providing products, services and advice relating to home renovations, construction, fittings, furnishings, appliances or utilities.
B53: Health & Beauty | C53: Any business providing products, services and product advice relating to toiletries, cosmetics or pharmaceuticals.
... B55: Real Estate | C55: Any business providing commercial or residential property advice, information and retail services for the sale and management of real estate.
B56: Recruitment
C57: Any business involved with the process of attracting, screening and hiring personnel.
B59: Retail | C59: Any business or organisation involved in the sales of goods directly to the consumer or via a bidding process. This includes department stores, mail order businesses, street vendors and markets and auctions of real estate, motor vehicles, white goods, electrical goods, manufacturing and retail equipment, antiques, furniture and general household items.
B61: Technology | C61: Any business involved with the manufacturing, sale and provision of products and services relating to computer hardware and software (excludes entertainment software).
B62: Telecommunications | C62: Any business involved with the manufacturing, sale and provision of products and services relating to telecommunications products (phones, pagers) and internet services including web hosting.
B63: Travel | C63: Any organisation or business involved in the provision of domestic or international travel services, including accommodation, car hire, flights, tours and travel agent services.
B64: Other | C64: Any business that does not meet the general parameters of any other category.
B67: Disclaimer
B69: Scope
B70: PricewaterhouseCoopers (“PwC” or “we”) prepared this report solely for the Interactive Advertising Bureau (IAB)’s use and benefit in accordance with and for the purpose set out in the engagement letter with IAB dated 29 August 2025 (“Agreement”) and in the “Scope” section of this report. In doing so, we acted exclusively for IAB and considered no-one else’s interests.
B71: Our engagement did not constitute an audit in accordance with Australian Auditing Standards or a review in accordance with Australian Auditing Standards applicable to review engagements and accordingly no such assurance is provided in this report.
B73: Restriction on the use and distribution of our report
B74: This report is solely for the use of IAB for the purposes set out in the Agreement, and should not be relied on for any other purpose. IAB may not make copies of this report available to other persons without our prior consent or except as permitted under the Agreement.
B75: To the extent permitted by law, we accept no responsibility, duty or liability for any consequence of any use of or reliance of the report by anyone other than IAB and for any use by IAB other than for the purpose set out above.
B76: We make no representation concerning the appropriateness of this report for anyone other than IAB. If anyone other than IAB chooses to use or rely on it they do so at their own risk.
B77: We are not obliged to provide any additional information or update anything in this report, even if matters come to our attention which are inconsistent with its contents.
B78: Notwithstanding the above, IAB is permitted to disclose this report to its members provided that before receiving this report the members agree:
B79: 1. This report is strictly confidential and not to disclose this report, except where required by law;
B80: 2. The members use the report at their own risk and have no recourse to PwC in connection with it; and
... B88: Liability limited by a scheme approved under Professional Standards Legislation.

Sheet Total Market by Category Rev
A1: FY
F2: Overall Market – Quarterly historical data
F4: Period | G4: Non-Video General Display | H4: Video | I4: Classifieds | J4: Search & Directories | K4: Total | L4: Total Growth | N4: Calendar Year | R4: Total Display
G5: $m | H5: $m | I5: $m | J5: $m | K5: $m | L5: Qtr / Qtr | M5: Year / Year | R5: $m
A6: 2026 | B6: =$A$1&A6 -> FY2026 | C6: H2 | D6: =$A$1&A6&C6 -> FY2026H2 | F6: Jun Qtr 26 | G6: 580.2 | H6: 1677.2 | I6: 788.6 | J6: 2335.1 | K6: =SUM(G6:J6) -> 5381.1 | L6: =(K6-K7)/K7 -> 0.10667572 | M6: =(K6-K10)/K10 -> 0.1629279 | R6: 2102.2
A7: 2026 | B7: =$A$1&A7 -> FY2026 | C7: H2 | D7: =$A$1&A7&C7 -> FY2026H2 | F7: Mar Qtr 26 | G7: 513.3 | H7: 1402.6 | I7: 786.9 | J7: 2159.6 | K7: =SUM(G7:J7) -> 4862.4 | L7: =(K7-K8)/K8 -> -0.010661675 | M7: =(K7-K11)/K11 -> 0.15265413 | R7: 2102.2
A8: 2026 | B8: =$A$1&A8 -> FY2026 | C8: H1 | D8: =$A$1&A8&C8 -> FY2026H1 | F8: Dec Qtr 25 | G8: 592.5 | H8: 1509.7 | I8: 733 | J8: 2079.6 | K8: =SUM(G8:J8) -> 4914.8 | L8: =(K8-K9)/K9 -> 0.064616051 | M8: =(K8-K12)/K12 -> 0.14430733 | R8: 2102.2
A9: 2026 | B9: =$A$1&A9 -> FY2026 | C9: H1 | D9: =$A$1&A9&C9 -> FY2026H1 | F9: Sep Qtr 25 | G9: 496.7 | H9: 1346.9 | I9: 767.7 | J9: 2005.2 | K9: =SUM(G9:J9) -> 4616.5 | L9: =(K9-K10)/K10 -> -0.0023124136 | M9: =(K9-K13)/K13 -> 0.096555819 | R9: 1843.6
A10: 2025 | B10: =$A$1&A10 -> FY2025 | C10: H2 | D10: =$A$1&A10&C10 -> FY2025H2 | F10: Jun Qtr 25 | G10: 524.3 | H10: 1368.3 | I10: 675.2 | J10: 2059.4 | K10: =SUM(G10:J10) -> 4627.2 | L10: =(K10-K11)/K11 -> 0.0968989 | M10: =(K10-K14)/K14 -> 0.10223916 | R10: 1892.7
A11: 2025 | B11: =$A$1&A11 -> FY2025 | C11: H2 | D11: =$A$1&A11&C11 -> FY2025H2 | F11: Mar Qtr 25 | G11: 466.4 | H11: 1165.1 | I11: 690.8 | J11: 1896.138 | K11: =SUM(G11:J11) -> 4218.438 | L11: =(K11-K12)/K12 -> -0.017825844 | M11: =(K11-K15)/K15 -> 0.11720067 | R11: 1631.5
A12: 2025 | B12: =$A$1&A12 -> FY2025 | C12: H1 | D12: =$A$1&A12&C12 -> FY2025H1 | F12: Dec Qtr 24 | G12: 547.1 | H12: 1308.7 | I12: 604.8 | J12: 1834.4 | K12: =SUM(G12:J12) -> 4295 | L12: =(K12-K13)/K13 -> 0.020190024 | M12: =(K12-K16)/K16 -> 0.097875821 | R12: 1848.4
A13: 2025 | B13: =$A$1&A13 -> FY2025 | C13: H1 | D13: =$A$1&A13&C13 -> FY2025H1 | F13: Sept Qtr 24 | G13: 504.2 | H13: 1154 | I13: 760.8 | J13: 1791 | K13: =SUM(G13:J13) -> 4210 | L13: =(K13-K14)/K14 -> 0.002858504 | M13: =(K13-K17)/K17 -> 0.12790012 | R13: 1658.2
A14: 2024 | B14: =$A$1&A14 -> FY2024 | C14: H2 | D14: =$A$1&A14&C14 -> FY2024H2 | F14: Jun Qtr 24 | G14: 518.7 | H14: =Video!E16 -> 1091.6 | I14: 728.2 | J14: 1859.5 | K14: =SUM(G14:J14) -> 4198 | L14: =(K14-K15)/K15 -> 0.11178792 | M14: =(K14-K18)/K18 -> 0.14887794 | R14: 1610.3
A15: 2024 | B15: =$A$1&A15 -> FY2024 | C15: H2 | D15: =$A$1&A15&C15 -> FY2024H2 | F15: Mar Qtr 24 | G15: 470.8 | H15: =Video!E17 -> 944.9 | I15: 635.9 | J15: 1724.3 | K15: =SUM(G15:J15) -> 3775.9 | L15: =(K15-K16)/K16 -> -0.034815061 | M15: =(K15-K19)/K19 -> 0.10177701 | R15: 1415.7
A16: 2024 | B16: =$A$1&A16 -> FY2024 | C16: H1 | D16: =$A$1&A16&C16 -> FY2024H1 | F16: Dec Qtr 23 | G16: =R16-H16 -> 553.1 | H16: =Video!E18 -> 1098 | I16: 574.6 | J16: 1686.4 | K16: =SUM(G16:J16) -> 3912.1 | L16: =(K16-K17)/K17 -> 0.048089803 | M16: =(K16-K20)/K20 -> 0.07504809 | O16: A trend break has been included to reflect that a contributor has amended previously reported classifieds from March 2024 onwards | R16: 1651.1
A17: 2024 | B17: =$A$1&A17 -> FY2024 | C17: H1 | D17: =$A$1&A17&C17 -> FY2024H1 | F17: Sept Qtr 23 | G17: =R17-H17 -> 487.4 | H17: =Video!E19 -> 965.5 | I17: 649.2 | J17: 1630.5 | K17: =SUM(G17:J17) -> 3732.6 | L17: =(K17-K18)/K18 -> 0.021510673 | M17: =(K17-K21)/K21 -> 0.077851574 | R17: 1452.9
A18: 2023 | B18: =$A$1&A18 -> FY2023 | C18: H2 | D18: =$A$1&A18&C18 -> FY2023H2 | F18: Jun Qtr 23 | G18: =R18-H18 -> 495.2 | H18: =Video!E20 -> 918.8 | I18: 582.9 | J18: 1657.1 | K18: =SUM(G18:J18) -> 3654 | L18: =(K18-K19)/K19 -> 0.066207581 | M18: =(K18-K22)/K22 -> 0.0038185764 | N18: =TRIM(_xlfn.TEXTAFTER(F18," ",2)) -> 23 | R18: 1414
A19: 2023 | B19: =$A$1&A19 -> FY2023 | C19: H2 | D19: =$A$1&A19&C19 -> FY2023H2 | F19: Mar Qtr 23 | G19: =R19-H19 -> 447.7 | H19: =Video!E21 -> 780.7 | I19: 622.7 | J19: 1576 | K19: =SUM(G19:J19) -> 3427.1 | L19: =(K19-K20)/K20 -> -0.058230283 | M19: =(K19-K23)/K23 -> -0.0081039623 | N19: =TRIM(_xlfn.TEXTAFTER(F19," ",2)) -> 23 | R19: 1228.4
A20: 2023 | B20: =$A$1&A20 -> FY2023 | C20: H1 | D20: =$A$1&A20&C20 -> FY2023H1 | F20: Dec Qtr 22 | G20: =R20-H20 -> 593.8 | H20: =Video!E22 -> 917.9 | I20: 586.4 | J20: 1540.9 | K20: =SUM(G20:J20) -> 3639 | L20: =(K20-K21)/K21 -> 0.050822986 | M20: =(K20-K24)/K24 -> 0.013310314 | N20: =TRIM(_xlfn.TEXTAFTER(F20," ",2)) -> 22 | R20: 1511.7
A21: 2023 | B21: =$A$1&A21 -> FY2023 | C21: H1 | D21: =$A$1&A21&C21 -> FY2023H1 | F21: Sept Qtr 22 | G21: =R21-H21 -> 503.3 | H21: =Video!E23 -> 840.6 | I21: 643.9 | J21: 1475.2 | K21: =SUM(G21:J21) -> 3463 | L21: =(K21-K22)/K22 -> -0.04865251 | M21: =(K21-K25)/K25 -> 0.067838421 | N21: =TRIM(_xlfn.TEXTAFTER(F21," ",2)) -> 22 | R21: 1343.9
A22: =A18-1 -> 2022 | B22: =$A$1&A22 -> FY2022 | C22: H2 | D22: =$A$1&A22&C22 -> FY2022H2 | F22: Jun Qtr 22 | G22: =R22-H22 -> 592.7 | H22: =Video!E24 -> 821.5 | I22: 615.2 | J22: 1610.7 | K22: =SUM(G22:J22) -> 3640.1 | L22: =(K22-K23)/K23 -> 0.053544036 | M22: =(K22-K26)/K26 -> 0.10833359 | N22: =TRIM(_xlfn.TEXTAFTER(F22," ",2)) -> 22 | R22: 1414.2
A23: =A19-1 -> 2022 | B23: =$A$1&A23 -> FY2022 | C23: H2 | D23: =$A$1&A23&C23 -> FY2022H2 | F23: Mar Qtr 22 | G23: =R23-H23 -> 534.9 | H23: =Video!E25 -> 725.7 | I23: 647.9 | J23: 1546.6 | K23: =SUM(G23:J23) -> 3455.1 | L23: -0.04 | M23: 0.192 | N23: =TRIM(_xlfn.TEXTAFTER(F23," ",2)) -> 22 | R23: 1260.6
A24: =A20-1 -> 2022 | B24: =$A$1&A24 -> FY2022 | C24: H1 | D24: =$A$1&A24&C24 -> FY2022H1 | F24: Dec Qtr 21 | G24: =R24-H24 -> 647.8 | H24: =Video!E26 -> 829.2 | I24: 620.9 | J24: 1493.3 | K24: =SUM(G24:J24) -> 3591.2 | L24: =(K24-K25)/K25 -> 0.10736972 | M24: =(K24-K28)/K28 -> 0.21496718 | N24: =TRIM(_xlfn.TEXTAFTER(F24," ",2)) -> 21 | R24: 1477
A25: =A21-1 -> 2022 | B25: =$A$1&A25 -> FY2022 | C25: H1 | D25: =$A$1&A25&C25 -> FY2022H1 | F25: Sept Qtr 21 | G25: =R25-H25 -> 490.7 | H25: =Video!E27 -> 804.8 | I25: 529.8 | J25: 1417.7 | K25: =SUM(G25:J25) -> 3243 | L25: =(K25-K26)/K26 -> -0.012574978 | M25: =(K25-K29)/K29 -> 0.4244301 | N25: =TRIM(_xlfn.TEXTAFTER(F25," ",2)) -> 21 | R25: 1295.5
A26: =A22-1 -> 2021 | B26: =$A$1&A26 -> FY2021 | C26: H2 | D26: =$A$1&A26&C26 -> FY2021H2 | F26: Jun Qtr 21 | G26: =R26-H26 -> 563.3 | H26: =Video!E28 -> 725.2 | I26: 530.4 | J26: 1465.4 | K26: =SUM(G26:J26) -> 3284.3 | L26: =(K26-K27)/K27 -> 0.13546966 | M26: =(K26-K30)/K30 -> 0.61010883 | N26: =TRIM(_xlfn.TEXTAFTER(F26," ",2)) -> 21 | R26: 1288.5
A27: =A23-1 -> 2021 | B27: =$A$1&A27 -> FY2021 | C27: H2 | D27: =$A$1&A27&C27 -> FY2021H2 | F27: Mar Qtr 21 | G27: =R27-H27 -> 488.2 | H27: =Video!E29 -> 586.6 | I27: 505.65949 | J27: 1312 | K27: =SUM(G27:J27) -> 2892.4595 | L27: =(K27-K28)/K28 -> -0.021429229 | M27: =(K27-K31)/K31 -> 0.26143022 | N27: =TRIM(_xlfn.TEXTAFTER(F27," ",2)) -> 21 | R27: 1074.8
A28: =A24-1 -> 2021 | B28: =$A$1&A28 -> FY2021 | C28: H1 | D28: =$A$1&A28&C28 -> FY2021H1 | F28: Dec Qtr 20 | G28: =R28-H28 -> 561.9 | H28: =Video!E30 -> 651.4 | I28: 433.1 | J28: 1309.4 | K28: =SUM(G28:J28) -> 2955.8 | L28: =(K28-K29)/K29 -> 0.2982826 | M28: =(K28-K32)/K32 -> 0.21159206 | N28: =TRIM(_xlfn.TEXTAFTER(F28," ",2)) -> 20 | R28: 1213.3
A29: =A25-1 -> 2021 | B29: =$A$1&A29 -> FY2021 | C29: H1 | D29: =$A$1&A29&C29 -> FY2021H1 | F29: Sept Qtr 20 | G29: =R29-H29 -> 427.8 | H29: =Video!E31 -> 456.4 | I29: 386.1 | J29: 1006.4 | K29: =SUM(G29:J29) -> 2276.7 | L29: =(K29-K30)/K30 -> 0.11613884 | M29: =(K29-K33)/K33 -> -0.043724798 | N29: =TRIM(_xlfn.TEXTAFTER(F29," ",2)) -> 20 | R29: 884.2
A30: =A26-1 -> 2020 | B30: =$A$1&A30 -> FY2020 | C30: H2 | D30: =$A$1&A30&C30 -> FY2020H2 | F30: Jun Qtr 20 | G30: =R30-H30 -> 367.7 | H30: =Video!E32 -> 407.5 | I30: 299.2 | J30: 965.4 | K30: =SUM(G30:J30) -> 2039.8 | L30: =(K30-K31)/K31 -> -0.11042303 | M30: =(K30-K34)/K34 -> -0.11712258 | N30: =TRIM(_xlfn.TEXTAFTER(F30," ",2)) -> 20 | R30: 775.2
A31: =A27-1 -> 2020 | B31: =$A$1&A31 -> FY2020 | C31: H2 | D31: =$A$1&A31&C31 -> FY2020H2 | F31: Mar Qtr 20 | G31: =R31-H31 -> 393.6 | H31: =Video!E33 -> 434.8 | I31: 427.1 | J31: 1037.5 | K31: =SUM(G31:J31) -> 2293 | L31: =(K31-K32)/K32 -> -0.060091818 | M31: =(K31-K35)/K35 -> 0.040947885 | N31: =TRIM(_xlfn.TEXTAFTER(F31," ",2)) -> 20 | R31: 828.4
A32: =A28-1 -> 2020 | B32: =$A$1&A32 -> FY2020 | C32: H1 | D32: =$A$1&A32&C32 -> FY2020H1 | F32: Dec Qtr 19 | G32: =R32-H32 -> 483.4 | H32: =Video!E34 -> 457.2 | I32: 417.8 | J32: 1081.2 | K32: =SUM(G32:J32) -> 2439.6 | L32: 0.025 | M32: =(K32-K36)/K36 -> 0.060188605 | N32: =TRIM(_xlfn.TEXTAFTER(F32," ",2)) -> 19 | R32: 940.6
A33: =A29-1 -> 2020 | B33: =$A$1&A33 -> FY2020 | C33: H1 | D33: =$A$1&A33&C33 -> FY2020H1 | F33: Sept Qtr 19 | G33: =R33-H33 -> 450 | H33: =Video!E35 -> 413.4 | I33: 436.3 | J33: 1081.1 | K33: =SUM(G33:J33) -> 2380.8 | L33: 0.030470914 | M33: 0.065 | N33: =TRIM(_xlfn.TEXTAFTER(F33," ",2)) -> 19 | R33: 863.4
A34: =A30-1 -> 2019 | B34: =$A$1&A34 -> FY2019 | C34: H2 | D34: =$A$1&A34&C34 -> FY2019H2 | F34: Jun Qtr 19 | G34: =R34-H34 -> 454.1 | H34: =Video!E36 -> 409.5 | I34: 386.9 | J34: 1059.9 | K34: =SUM(G34:J34) -> 2310.4 | L34: 0.049 | M34: 0.05 | N34: =TRIM(_xlfn.TEXTAFTER(F34," ",2)) -> 19 | R34: 863.6
A35: =A31-1 -> 2019 | B35: =$A$1&A35 -> FY2019 | C35: H2 | D35: =$A$1&A35&C35 -> FY2019H2 | F35: Mar Qtr 19 | G35: =R35-H35 -> 430.7 | H35: =Video!E37 -> 368.3 | I35: 426.2 | J35: 977.6 | K35: =SUM(G35:J35) -> 2202.8 | L35: -0.043 | M35: 0.049 | N35: =TRIM(_xlfn.TEXTAFTER(F35," ",2)) -> 19 | R35: 799
A36: =A32-1 -> 2019 | B36: =$A$1&A36 -> FY2019 | C36: H1 | D36: =$A$1&A36&C36 -> FY2019H1 | F36: Dec Qtr 18 | G36: =R36-H36 -> 506.5 | H36: =Video!E38 -> 375.3 | I36: 401.8 | J36: 1017.5 | K36: =SUM(G36:J36) -> 2301.1 | L36: 0.029 | M36: 0.057 | N36: =TRIM(_xlfn.TEXTAFTER(F36," ",2)) -> 18 | R36: 881.8
A37: =A33-1 -> 2019 | B37: =$A$1&A37 -> FY2019 | C37: H1 | D37: =$A$1&A37&C37 -> FY2019H1 | F37: Sept Qtr 18 | G37: =R37-H37 -> 494.4 | H37: =Video!E39 -> 328.4 | I37: 429.7 | J37: 983.2 | K37: =SUM(G37:J37) -> 2235.7 | L37: 0.016 | M37: 0.132 | N37: =TRIM(_xlfn.TEXTAFTER(F37," ",2)) -> 18 | R37: 822.8
A38: =A34-1 -> 2018 | B38: =$A$1&A38 -> FY2018 | C38: H2 | D38: =$A$1&A38&C38 -> FY2018H2 | F38: Jun Qtr 18 | G38: =R38-H38 -> 476.7 | H38: =Video!E40 -> 351 | I38: 411.2 | J38: 960.9 | K38: =SUM(G38:J38) -> 2199.8 | L38: 0.047 | M38: 0.152 | N38: =TRIM(_xlfn.TEXTAFTER(F38," ",2)) -> 18 | R38: 827.7
A39: =A35-1 -> 2018 | B39: =$A$1&A39 -> FY2018 | C39: H2 | D39: =$A$1&A39&C39 -> FY2018H2 | F39: Mar Qtr 18 | G39: =R39-H39 -> 447.15567 | H39: =Video!E41 -> 320 | I39: 397.33309 | J39: 936.61274 | K39: =SUM(G39:J39) -> 2101.1015 | L39: -0.035 | M39: =(K39-K43)/K43 -> 0.13211999 | N39: =TRIM(_xlfn.TEXTAFTER(F39," ",2)) -> 18 | R39: 767.15567
A40: =A36-1 -> 2018 | B40: =$A$1&A40 -> FY2018 | C40: H1 | D40: =$A$1&A40&C40 -> FY2018H1 | F40: Dec Qtr 17 | G40: =R40-H40 -> 499.2 | H40: =Video!E42 -> 344.2 | I40: 379.2 | J40: 953.5 | K40: =SUM(G40:J40) -> 2176.1 | L40: 0.102 | M40: 0.105 | N40: =TRIM(_xlfn.TEXTAFTER(F40," ",2)) -> 17 | R40: 843.4
A41: =A37-1 -> 2018 | B41: =$A$1&A41 -> FY2018 | C41: H1 | D41: =$A$1&A41&C41 -> FY2018H1 | F41: Sept Qtr 17 | G41: =R41-H41 -> 418 | H41: =Video!E43 -> 278.5 | I41: 390.2 | J41: 888.6 | K41: =SUM(G41:J41) -> 1975.3 | L41: 0.034 | M41: 0.049 | N41: =TRIM(_xlfn.TEXTAFTER(F41," ",2)) -> 17 | R41: 696.5
A42: =A38-1 -> 2017 | B42: =$A$1&A42 -> FY2017 | C42: H2 | D42: =$A$1&A42&C42 -> FY2017H2 | F42: Jun Qtr 17 | G42: =R42-H42 -> 435.4 | H42: =Video!E44 -> 235.2 | I42: 371 | J42: 867.9 | K42: =SUM(G42:J42) -> 1909.5 | L42: 0.029 | M42: 0.052 | N42: =TRIM(_xlfn.TEXTAFTER(F42," ",2)) -> 17 | R42: 670.6
A43: =A39-1 -> 2017 | B43: =$A$1&A43 -> FY2017 | C43: H2 | D43: =$A$1&A43&C43 -> FY2017H2 | F43: Mar Qtr 17 | G43: =R43-H43 -> 406.1 | H43: =Video!E45 -> 231.7 | I43: 357.4 | J43: 860.7 | K43: =SUM(G43:J43) -> 1855.9 | L43: -0.058 | M43: 0.072 | N43: =TRIM(_xlfn.TEXTAFTER(F43," ",2)) -> 17 | R43: 637.8
A44: =A40-1 -> 2017 | B44: =$A$1&A44 -> FY2017 | C44: H1 | D44: =$A$1&A44&C44 -> FY2017H1 | F44: Dec Qtr 16 | G44: =R44-H44 -> 495.3 | H44: =Video!E46 -> 243.5 | I44: 333.6 | J44: 896.7 | K44: =SUM(G44:J44) -> 1969.1 | L44: 0.046 | M44: 0.153 | N44: =TRIM(_xlfn.TEXTAFTER(F44," ",2)) -> 16 | R44: 738.8
A45: =A41-1 -> 2017 | B45: =$A$1&A45 -> FY2017 | C45: H1 | D45: =$A$1&A45&C45 -> FY2017H1 | F45: Sept Qtr 16 | G45: =R45-H45 -> 489.3 | H45: =Video!E47 -> 184 | I45: 345.4 | J45: 863.9 | K45: =SUM(G45:J45) -> 1882.6 | L45: 0.037 | M45: 0.203 | N45: =TRIM(_xlfn.TEXTAFTER(F45," ",2)) -> 16 | R45: 673.3
A46: =A42-1 -> 2016 | B46: =$A$1&A46 -> FY2016 | C46: H2 | D46: =$A$1&A46&C46 -> FY2016H2 | F46: Jun Qtr 16 | G46: =R46-H46 -> 486.4 | H46: =Video!E48 -> 178.1 | I46: 312.9 | J46: 837.2 | K46: =SUM(G46:J46) -> 1814.6 | L46: 0.049 | M46: 0.256 | N46: =TRIM(_xlfn.TEXTAFTER(F46," ",2)) -> 16 | R46: 664.5
A47: =A43-1 -> 2016 | B47: =$A$1&A47 -> FY2016 | C47: H2 | D47: =$A$1&A47&C47 -> FY2016H2 | F47: Mar Qtr 16 | G47: =R47-H47 -> 455.7 | H47: =Video!E49 -> 154.7 | I47: 308.4 | J47: 811.8 | K47: =SUM(G47:J47) -> 1730.6 | L47: 0.013 | M47: 0.335 | N47: =TRIM(_xlfn.TEXTAFTER(F47," ",2)) -> 16 | R47: 610.4
A48: =A44-1 -> 2016 | B48: =$A$1&A48 -> FY2016 | C48: H1 | D48: =$A$1&A48&C48 -> FY2016H1 | F48: Dec Qtr 15 | G48: =R48-H48 -> 499.3 | H48: =Video!E50 -> 138.3 | I48: 301 | J48: 769.7 | K48: =SUM(G48:J48) -> 1708.3 | L48: 0.092 | M48: 0.279 | N48: =TRIM(_xlfn.TEXTAFTER(F48," ",2)) -> 15 | R48: 637.6
A49: =A45-1 -> 2016 | B49: =$A$1&A49 -> FY2016 | C49: H1 | D49: =$A$1&A49&C49 -> FY2016H1 | F49: Sept Qtr 15 | G49: =R49-H49 -> 427.7 | H49: =Video!E51 -> 128.9 | I49: 304.5 | J49: 703.6 | K49: =SUM(G49:J49) -> 1564.7 | L49: 0.083 | M49: 0.327 | N49: =TRIM(_xlfn.TEXTAFTER(F49," ",2)) -> 15 | R49: 556.6
A50: =A46-1 -> 2015 | B50: =$A$1&A50 -> FY2015 | C50: H2 | D50: =$A$1&A50&C50 -> FY2015H2 | F50: Jun Qtr 15 | G50: =R50-H50 -> 397.1 | H50: =Video!E52 -> 112.9 | I50: 273.9 | J50: 661.1 | K50: =SUM(G50:J50) -> 1445 | L50: 0.115 | M50: 0.219 | N50: =TRIM(_xlfn.TEXTAFTER(F50," ",2)) -> 15 | R50: 510
A51: =A47-1 -> 2015 | B51: =$A$1&A51 -> FY2015 | C51: H2 | D51: =$A$1&A51&C51 -> FY2015H2 | F51: Mar Qtr 15 | G51: =R51-H51 -> 312 | H51: =Video!E53 -> 104.1 | I51: 255.3 | J51: 625.1 | K51: =SUM(G51:J51) -> 1296.5 | L51: -0.03 | M51: 0.181 | N51: =TRIM(_xlfn.TEXTAFTER(F51," ",2)) -> 15 | R51: 416.1
... A62: =A58-1 -> 2012 | B62: =$A$1&A62 -> FY2012 | C62: H2 | D62: =$A$1&A62&C62 -> FY2012H2 | F62: Jun Qtr 12 | G62: =R62-H62 -> 223 | H62: =Video!E64 -> 0 | I62: 163.1 | J62: 454 | K62: =SUM(G62:J62) -> 840.1 | L62: 0.063 | M62: 0.218 | N62: =TRIM(_xlfn.TEXTAFTER(F62," ",2)) -> 12 | R62: 223
A63: =A59-1 -> 2012 | B63: =$A$1&A63 -> FY2012 | C63: H2 | D63: =$A$1&A63&C63 -> FY2012H2 | F63: Mar Qtr 12 | G63: =R63-H63 -> 201.4 | H63: 0 | I63: 163.5 | J63: 425.2 | K63: =SUM(G63:J63) -> 790.1 | L63: 0.034 | M63: 0.252 | N63: =TRIM(_xlfn.TEXTAFTER(F63," ",2)) -> 12 | R63: 201.4
A64: =A60-1 -> 2012 | B64: =$A$1&A64 -> FY2012 | C64: H1 | D64: =$A$1&A64&C64 -> FY2012H1 | F64: Dec Qtr 11 | G64: =R64-H64 -> 221.7 | H64: 0 | I64: 155.5 | J64: 386.8 | K64: =SUM(G64:J64) -> 764 | L64: 0.03 | M64: 0.155 | N64: =TRIM(_xlfn.TEXTAFTER(F64," ",2)) -> 11 | R64: 221.7
A65: =A61-1 -> 2012 | B65: =$A$1&A65 -> FY2012 | C65: H1 | D65: =$A$1&A65&C65 -> FY2012H1 | F65: Sept Qtr 11 | G65: =R65-H65 -> 206.9 | H65: 0 | I65: 161 | J65: 374.1 | K65: =SUM(G65:J65) -> 742 | L65: 0.076 | M65: 0.227 | N65: =TRIM(_xlfn.TEXTAFTER(F65," ",2)) -> 11 | R65: 206.9
A66: =A62-1 -> 2011 | B66: =$A$1&A66 -> FY2011 | C66: H2 | D66: =$A$1&A66&C66 -> FY2011H2 | F66: Jun Qtr 11 | G66: =R66-H66 -> 200.1 | H66: 0 | I66: 153.5 | J66: 336.3 | K66: =SUM(G66:J66) -> 689.9 | L66: 0.093 | M66: 0.249 | N66: =TRIM(_xlfn.TEXTAFTER(F66," ",2)) -> 11 | R66: 200.1
A67: =A63-1 -> 2011 | B67: =$A$1&A67 -> FY2011 | C67: H2 | D67: =$A$1&A67&C67 -> FY2011H2 | F67: Mar Qtr 11 | G67: =R67-H67 -> 165.2 | H67: 0 | I67: 145.3 | J67: 320.5 | K67: =SUM(G67:J67) -> 631 | L67: -0.046 | M67: 0.231 | N67: =TRIM(_xlfn.TEXTAFTER(F67," ",2)) -> 11 | R67: 165.2
A68: =A64-1 -> 2011 | B68: =$A$1&A68 -> FY2011 | C68: H1 | D68: =$A$1&A68&C68 -> FY2011H1 | F68: Dec Qtr 10 | G68: =R68-H68 -> 201.8 | H68: 0 | I68: 140.3 | J68: 319.7 | K68: =SUM(G68:J68) -> 661.8 | L68: 0.095 | M68: 0.291 | N68: =TRIM(_xlfn.TEXTAFTER(F68," ",2)) -> 10 | R68: 201.8
A69: =A65-1 -> 2011 | B69: =$A$1&A69 -> FY2011 | C69: H1 | D69: =$A$1&A69&C69 -> FY2011H1 | F69: Sept Qtr 10 | G69: =R69-H69 -> 177.4 | H69: 0 | I69: 140.5 | J69: 286.6 | K69: =SUM(G69:J69) -> 604.5 | L69: 0.094 | M69: 0.296 | N69: =TRIM(_xlfn.TEXTAFTER(F69," ",2)) -> 10 | R69: 177.4
A70: =A66-1 -> 2010 | B70: =$A$1&A70 -> FY2010 | C70: H2 | D70: =$A$1&A70&C70 -> FY2010H2 | F70: Jun Qtr 10 | G70: =R70-H70 -> 158.8 | H70: 0 | I70: 128.5 | J70: 265.3 | K70: =SUM(G70:J70) -> 552.6 | L70: 0.078 | M70: 0.22 | N70: =TRIM(_xlfn.TEXTAFTER(F70," ",2)) -> 10 | R70: 158.8
A71: =A67-1 -> 2010 | B71: =$A$1&A71 -> FY2010 | C71: H2 | D71: =$A$1&A71&C71 -> FY2010H2 | F71: Mar Qtr 10 | G71: =R71-H71 -> 126 | H71: 0 | I71: 121.8 | J71: 264.8 | K71: =SUM(G71:J71) -> 512.6 | L71: 0 | M71: 0.166 | N71: =TRIM(_xlfn.TEXTAFTER(F71," ",2)) -> 10 | R71: 126
A72: =A68-1 -> 2010 | B72: =$A$1&A72 -> FY2010 | C72: H1 | D72: =$A$1&A72&C72 -> FY2010H1 | F72: Dec Qtr 09 | G72: =R72-H72 -> 141.8 | H72: 0 | I72: 111.3 | J72: 259.5 | K72: =SUM(G72:J72) -> 512.6 | L72: 0.099 | M72: 0.109 | N72: =TRIM(_xlfn.TEXTAFTER(F72," ",2)) -> 09 | R72: 141.8
A73: =A69-1 -> 2010 | B73: =$A$1&A73 -> FY2010 | C73: H1 | D73: =$A$1&A73&C73 -> FY2010H1 | F73: Sept Qtr 09 | G73: =R73-H73 -> 120.8 | H73: 0 | I73: 108.3 | J73: 237.3 | K73: =SUM(G73:J73) -> 466.4 | L73: 0.029 | M73: 0.033 | N73: =TRIM(_xlfn.TEXTAFTER(F73," ",2)) -> 09 | R73: 120.8
A74: =A70-1 -> 2009 | B74: =$A$1&A74 -> FY2009 | C74: H2 | D74: =$A$1&A74&C74 -> FY2009H2 | F74: Jun Qtr 09 | G74: =R74-H74 -> 126 | H74: 0 | I74: 104.5 | J74: 222.5 | K74: =SUM(G74:J74) -> 453 | L74: 0.031 | M74: 0.098 | N74: =TRIM(_xlfn.TEXTAFTER(F74," ",2)) -> 09 | R74: 126
... A81: =A77-1 -> 2008 | B81: =$A$1&A81 -> FY2008 | C81: H1 | D81: =$A$1&A81&C81 -> FY2008H1 | F81: Sept Qtr 07 | G81: =R81-H81 -> 97 | H81: 0 | I81: 91.3 | J81: 159.5 | K81: =SUM(G81:J81) -> 347.8 | L81: 0.068 | M81: 0.322 | N81: =TRIM(_xlfn.TEXTAFTER(F81," ",2)) -> 07 | R81: 97
A82: =A78-1 -> 2007 | B82: =$A$1&A82 -> FY2007 | C82: H2 | D82: =$A$1&A82&C82 -> FY2007H2 | F82: Jun Qtr 07 | G82: =R82-H82 -> 90.5 | H82: 0 | I82: 87.8 | J82: 147.3 | K82: =SUM(G82:J82) -> 325.6 | L82: N/A | M82: N/A | N82: =TRIM(_xlfn.TEXTAFTER(F82," ",2)) -> 07 | R82: 90.5
F85: Overall Market – Financial yearly historical data
F87: Period | G87: Non-Video General Display | H87: Video | I87: Classifieds | J87: Search & Directories | K87: Total | L87: Total Growth
G88: $m | H88: $m | I88: $m | J88: $m | K88: $m
F89: FY2026 | G89: =SUMIFS(G$6:G$82, $B$6:$B$82,$F89) -> 2182.7 | H89: =SUMIFS(H$6:H$82, $B$6:$B$82,$F89) -> 5936.4 | I89: =SUMIFS(I$6:I$82, $B$6:$B$82,$F89) -> 3076.2 | J89: =SUMIFS(J$6:J$82, $B$6:$B$82,$F89) -> 8579.5 | K89: =SUM(G89:J89) -> 19774.8 | L89: =(K89-K90)/K90 -> 0.13971602
F90: FY2025 | G90: =SUMIFS(G$6:G$82, $B$6:$B$82,$F90) -> 2042 | H90: =SUMIFS(H$6:H$82, $B$6:$B$82,$F90) -> 4996.1 | I90: =SUMIFS(I$6:I$82, $B$6:$B$82,$F90) -> 2731.6 | J90: =SUMIFS(J$6:J$82, $B$6:$B$82,$F90) -> 7580.938 | K90: =SUM(G90:J90) -> 17350.638 | L90: =(K90-K91)/K91 -> 0.11089585
F91: FY2024 | G91: =SUMIFS(G$6:G$82, $B$6:$B$82,$F91) -> 2030 | H91: =SUMIFS(H$6:H$82, $B$6:$B$82,$F91) -> 4100 | I91: =SUMIFS(I$6:I$82, $B$6:$B$82,$F91) -> 2587.9 | J91: =SUMIFS(J$6:J$82, $B$6:$B$82,$F91) -> 6900.7 | K91: =SUM(G91:J91) -> 15618.6 | L91: =(K91-K92)/K92 -> 0.10121201
F92: FY2023 | G92: =SUMIFS(G$6:G$82, $B$6:$B$82,$F92) -> 2040 | H92: =SUMIFS(H$6:H$82, $B$6:$B$82,$F92) -> 3458 | I92: =SUMIFS(I$6:I$82, $B$6:$B$82,$F92) -> 2435.9 | J92: =SUMIFS(J$6:J$82, $B$6:$B$82,$F92) -> 6249.2 | K92: =SUM(G92:J92) -> 14183.1 | L92: =(K92-K93)/K93 -> 0.018213276
F93: FY2022 | G93: =SUMIFS(G$6:G$82, $B$6:$B$82,$F93) -> 2266.1 | H93: =SUMIFS(H$6:H$82, $B$6:$B$82,$F93) -> 3181.2 | I93: =SUMIFS(I$6:I$82, $B$6:$B$82,$F93) -> 2413.8 | J93: =SUMIFS(J$6:J$82, $B$6:$B$82,$F93) -> 6068.3 | K93: =SUM(G93:J93) -> 13929.4 | L93: =(K93-K94)/K94 -> 0.22088555
F94: FY2021 | G94: =SUMIFS(G$6:G$82, $B$6:$B$82,$F94) -> 2041.2 | H94: =SUMIFS(H$6:H$82, $B$6:$B$82,$F94) -> 2419.6 | I94: =SUMIFS(I$6:I$82, $B$6:$B$82,$F94) -> 1855.2595 | J94: =SUMIFS(J$6:J$82, $B$6:$B$82,$F94) -> 5093.2 | K94: =SUM(G94:J94) -> 11409.259 | L94: =(K94-K95)/K95 -> 0.24647768
F95: FY2020 | G95: =SUMIFS(G$6:G$82, $B$6:$B$82,$F95) -> 1694.7 | H95: =SUMIFS(H$6:H$82, $B$6:$B$82,$F95) -> 1712.9 | I95: =SUMIFS(I$6:I$82, $B$6:$B$82,$F95) -> 1580.4 | J95: =SUMIFS(J$6:J$82, $B$6:$B$82,$F95) -> 4165.2 | K95: =SUM(G95:J95) -> 9153.2 | L95: =(K95-K96)/K96 -> 0.011403315
F96: FY2019 | G96: =SUMIFS(G$6:G$82, $B$6:$B$82,$F96) -> 1885.7 | H96: =SUMIFS(H$6:H$82, $B$6:$B$82,$F96) -> 1481.5 | I96: =SUMIFS(I$6:I$82, $B$6:$B$82,$F96) -> 1644.6 | J96: =SUMIFS(J$6:J$82, $B$6:$B$82,$F96) -> 4038.2 | K96: =SUM(G96:J96) -> 9050 | L96: =(K96-K97)/K97 -> 0.07071429
F97: FY2018 | G97: =SUMIFS(G$6:G$82, $B$6:$B$82,$F97) -> 1841.0557 | H97: =SUMIFS(H$6:H$82, $B$6:$B$82,$F97) -> 1293.7 | I97: =SUMIFS(I$6:I$82, $B$6:$B$82,$F97) -> 1577.9331 | J97: =SUMIFS(J$6:J$82, $B$6:$B$82,$F97) -> 3739.6127 | K97: =SUM(G97:J97) -> 8452.3015 | L97: =(K97-K98)/K98 -> 0.10964823
F98: FY2017 | G98: =SUMIFS(G$6:G$82, $B$6:$B$82,$F98) -> 1826.1 | H98: =SUMIFS(H$6:H$82, $B$6:$B$82,$F98) -> 894.4 | I98: =SUMIFS(I$6:I$82, $B$6:$B$82,$F98) -> 1407.4 | J98: =SUMIFS(J$6:J$82, $B$6:$B$82,$F98) -> 3489.2 | K98: =SUM(G98:J98) -> 7617.1 | L98: =(K98-K99)/K99 -> 0.11717169
F99: FY2016 | G99: =SUMIFS(G$6:G$82, $B$6:$B$82,$F99) -> 1869.1 | H99: =SUMIFS(H$6:H$82, $B$6:$B$82,$F99) -> 600 | I99: =SUMIFS(I$6:I$82, $B$6:$B$82,$F99) -> 1226.8 | J99: =SUMIFS(J$6:J$82, $B$6:$B$82,$F99) -> 3122.3 | K99: =SUM(G99:J99) -> 6818.2 | L99: N/A

Sheet Total Market By Category Share
B2: Overall Market Share – Quarterly historical data
B4: Period | C4: Non-Video General Display | D4: Video | E4: Classifieds | F4: Search & Directories | G4: Calendar Year
C5: % | D5: % | E5: % | F5: %
B6: Jun Qtr 26 | C6: ='Total Market by Category Rev'!G6/'Total Market by Category Rev'!$K6 -> 0.10782182 | D6: ='Total Market by Category Rev'!H6/'Total Market by Category Rev'!$K6 -> 0.31168348 | E6: ='Total Market by Category Rev'!I6/'Total Market by Category Rev'!$K6 -> 0.14654996 | F6: ='Total Market by Category Rev'!J6/'Total Market by Category Rev'!$K6 -> 0.43394473
B7: Mar Qtr 26 | C7: ='Total Market by Category Rev'!G7/'Total Market by Category Rev'!$K7 -> 0.10556515 | D7: ='Total Market by Category Rev'!H7/'Total Market by Category Rev'!$K7 -> 0.28845837 | E7: ='Total Market by Category Rev'!I7/'Total Market by Category Rev'!$K7 -> 0.16183366 | F7: ='Total Market by Category Rev'!J7/'Total Market by Category Rev'!$K7 -> 0.44414281
B8: Dec Qtr 25 | C8: ='Total Market by Category Rev'!G8/'Total Market by Category Rev'!$K8 -> 0.12055424 | D8: ='Total Market by Category Rev'!H8/'Total Market by Category Rev'!$K8 -> 0.30717425 | E8: ='Total Market by Category Rev'!I8/'Total Market by Category Rev'!$K8 -> 0.14914137 | F8: ='Total Market by Category Rev'!J8/'Total Market by Category Rev'!$K8 -> 0.42313014
B9: Sep Qtr 25 | C9: ='Total Market by Category Rev'!G9/'Total Market by Category Rev'!$K9 -> 0.10759233 | D9: ='Total Market by Category Rev'!H9/'Total Market by Category Rev'!$K9 -> 0.29175783 | E9: ='Total Market by Category Rev'!I9/'Total Market by Category Rev'!$K9 -> 0.16629481 | F9: ='Total Market by Category Rev'!J9/'Total Market by Category Rev'!$K9 -> 0.43435503
B10: Jun Qtr 25 | C10: ='Total Market by Category Rev'!G10/'Total Market by Category Rev'!$K10 -> 0.11330826 | D10: ='Total Market by Category Rev'!H10/'Total Market by Category Rev'!$K10 -> 0.29570799 | E10: ='Total Market by Category Rev'!I10/'Total Market by Category Rev'!$K10 -> 0.14591978 | F10: ='Total Market by Category Rev'!J10/'Total Market by Category Rev'!$K10 -> 0.44506397
B11: Mar Qtr 25 | C11: ='Total Market by Category Rev'!G11/'Total Market by Category Rev'!$K11 -> 0.11056225 | D11: ='Total Market by Category Rev'!H11/'Total Market by Category Rev'!$K11 -> 0.27619228 | E11: ='Total Market by Category Rev'!I11/'Total Market by Category Rev'!$K11 -> 0.1637573 | F11: ='Total Market by Category Rev'!J11/'Total Market by Category Rev'!$K11 -> 0.44948818
B12: Dec Qtr 24 | C12: ='Total Market by Category Rev'!G12/'Total Market by Category Rev'!$K12 -> 0.12738068 | D12: ='Total Market by Category Rev'!H12/'Total Market by Category Rev'!$K12 -> 0.30470314 | E12: ='Total Market by Category Rev'!I12/'Total Market by Category Rev'!$K12 -> 0.1408149 | F12: ='Total Market by Category Rev'!J12/'Total Market by Category Rev'!$K12 -> 0.42710128
B13: Sept Qtr 24 | C13: ='Total Market by Category Rev'!G13/'Total Market by Category Rev'!$K13 -> 0.11976247 | D13: ='Total Market by Category Rev'!H13/'Total Market by Category Rev'!$K13 -> 0.27410926 | E13: ='Total Market by Category Rev'!I13/'Total Market by Category Rev'!$K13 -> 0.18071259 | F13: ='Total Market by Category Rev'!J13/'Total Market by Category Rev'!$K13 -> 0.42541568
B14: Jun Qtr 24 | C14: ='Total Market by Category Rev'!G14/'Total Market by Category Rev'!$K14 -> 0.12355884 | D14: ='Total Market by Category Rev'!H14/'Total Market by Category Rev'!$K14 -> 0.26002859 | E14: ='Total Market by Category Rev'!I14/'Total Market by Category Rev'!$K14 -> 0.17346355 | F14: ='Total Market by Category Rev'!J14/'Total Market by Category Rev'!$K14 -> 0.44294902
B15: Mar Qtr 24 | C15: ='Total Market by Category Rev'!G15/'Total Market by Category Rev'!$K15 -> 0.12468551 | D15: ='Total Market by Category Rev'!H15/'Total Market by Category Rev'!$K15 -> 0.25024497 | E15: ='Total Market by Category Rev'!I15/'Total Market by Category Rev'!$K15 -> 0.16841018 | F15: ='Total Market by Category Rev'!J15/'Total Market by Category Rev'!$K15 -> 0.45665934
B16: Dec Qtr 23 | C16: ='Total Market by Category Rev'!G16/'Total Market by Category Rev'!K16 -> 0.14138187 | D16: ='Total Market by Category Rev'!H16/'Total Market by Category Rev'!K16 -> 0.28066767 | E16: ='Total Market by Category Rev'!I16/'Total Market by Category Rev'!K16 -> 0.14687764 | F16: ='Total Market by Category Rev'!J16/'Total Market by Category Rev'!K16 -> 0.43107283 | G16: =TRIM(_xlfn.TEXTAFTER(B16," ",2)) -> 23 | H16: A trend break has been included to reflect that a contributor has amended previously reported classifieds from March 2024 onwards
B17: Sept Qtr 23 | C17: ='Total Market by Category Rev'!G17/'Total Market by Category Rev'!K17 -> 0.13057922 | D17: ='Total Market by Category Rev'!H17/'Total Market by Category Rev'!K17 -> 0.25866688 | E17: ='Total Market by Category Rev'!I17/'Total Market by Category Rev'!K17 -> 0.17392702 | F17: ='Total Market by Category Rev'!J17/'Total Market by Category Rev'!K17 -> 0.43682688 | G17: =TRIM(_xlfn.TEXTAFTER(B17," ",2)) -> 23
B18: Jun Qtr 23 | C18: ='Total Market by Category Rev'!G18/'Total Market by Category Rev'!K18 -> 0.13552271 | D18: ='Total Market by Category Rev'!H18/'Total Market by Category Rev'!K18 -> 0.25145047 | E18: ='Total Market by Category Rev'!I18/'Total Market by Category Rev'!K18 -> 0.15952381 | F18: ='Total Market by Category Rev'!J18/'Total Market by Category Rev'!K18 -> 0.45350301 | G18: =TRIM(_xlfn.TEXTAFTER(B18," ",2)) -> 23
B19: Mar Qtr 23 | C19: ='Total Market by Category Rev'!G19/'Total Market by Category Rev'!K19 -> 0.13063523 | D19: ='Total Market by Category Rev'!H19/'Total Market by Category Rev'!K19 -> 0.22780193 | E19: ='Total Market by Category Rev'!I19/'Total Market by Category Rev'!K19 -> 0.18169881 | F19: ='Total Market by Category Rev'!J19/'Total Market by Category Rev'!K19 -> 0.45986402 | G19: =TRIM(_xlfn.TEXTAFTER(B19," ",2)) -> 23
B20: Dec Qtr 22 | C20: ='Total Market by Category Rev'!G20/'Total Market by Category Rev'!K20 -> 0.1631767 | D20: ='Total Market by Category Rev'!H20/'Total Market by Category Rev'!K20 -> 0.25223963 | E20: ='Total Market by Category Rev'!I20/'Total Market by Category Rev'!K20 -> 0.16114317 | F20: ='Total Market by Category Rev'!J20/'Total Market by Category Rev'!K20 -> 0.42344051 | G20: =TRIM(_xlfn.TEXTAFTER(B20," ",2)) -> 22
B21: Sept Qtr 22 | C21: ='Total Market by Category Rev'!G21/'Total Market by Category Rev'!K21 -> 0.14533641 | D21: ='Total Market by Category Rev'!H21/'Total Market by Category Rev'!K21 -> 0.24273751 | E21: ='Total Market by Category Rev'!I21/'Total Market by Category Rev'!K21 -> 0.18593705 | F21: ='Total Market by Category Rev'!J21/'Total Market by Category Rev'!K21 -> 0.42598903 | G21: =TRIM(_xlfn.TEXTAFTER(B21," ",2)) -> 22
B22: Jun Qtr 22 | C22: ='Total Market by Category Rev'!G22/'Total Market by Category Rev'!K22 -> 0.1628252 | D22: ='Total Market by Category Rev'!H22/'Total Market by Category Rev'!K22 -> 0.22568061 | E22: ='Total Market by Category Rev'!I22/'Total Market by Category Rev'!K22 -> 0.16900635 | F22: ='Total Market by Category Rev'!J22/'Total Market by Category Rev'!K22 -> 0.44248784 | G22: =TRIM(_xlfn.TEXTAFTER(B22," ",2)) -> 22
B23: Mar Qtr 22 | C23: ='Total Market by Category Rev'!G23/'Total Market by Category Rev'!K23 -> 0.15481462 | D23: ='Total Market by Category Rev'!H23/'Total Market by Category Rev'!K23 -> 0.21003734 | E23: ='Total Market by Category Rev'!I23/'Total Market by Category Rev'!K23 -> 0.1875199 | F23: ='Total Market by Category Rev'!J23/'Total Market by Category Rev'!K23 -> 0.44762814 | G23: =TRIM(_xlfn.TEXTAFTER(B23," ",2)) -> 22
B24: Dec Qtr 21 | C24: ='Total Market by Category Rev'!G24/'Total Market by Category Rev'!K24 -> 0.18038539 | D24: ='Total Market by Category Rev'!H24/'Total Market by Category Rev'!K24 -> 0.23089775 | E24: ='Total Market by Category Rev'!I24/'Total Market by Category Rev'!K24 -> 0.17289485 | F24: ='Total Market by Category Rev'!J24/'Total Market by Category Rev'!K24 -> 0.41582201 | G24: =TRIM(_xlfn.TEXTAFTER(B24," ",2)) -> 21
B25: Sept Qtr 21 | C25: ='Total Market by Category Rev'!G25/'Total Market by Category Rev'!K25 -> 0.15131051 | D25: ='Total Market by Category Rev'!H25/'Total Market by Category Rev'!K25 -> 0.24816528 | E25: ='Total Market by Category Rev'!I25/'Total Market by Category Rev'!K25 -> 0.16336725 | F25: ='Total Market by Category Rev'!J25/'Total Market by Category Rev'!K25 -> 0.43715695 | G25: =TRIM(_xlfn.TEXTAFTER(B25," ",2)) -> 21
B26: Jun Qtr 21 | C26: ='Total Market by Category Rev'!G26/'Total Market by Category Rev'!K26 -> 0.17151296 | D26: ='Total Market by Category Rev'!H26/'Total Market by Category Rev'!K26 -> 0.22080809 | E26: ='Total Market by Category Rev'!I26/'Total Market by Category Rev'!$K26 -> 0.1614956 | F26: ='Total Market by Category Rev'!J26/'Total Market by Category Rev'!$K26 -> 0.44618336 | G26: =TRIM(_xlfn.TEXTAFTER(B26," ",2)) -> 21
B27: Mar Qtr 21 | C27: ='Total Market by Category Rev'!G27/'Total Market by Category Rev'!K27 -> 0.1687837 | D27: ='Total Market by Category Rev'!H27/'Total Market by Category Rev'!K27 -> 0.20280319 | E27: ='Total Market by Category Rev'!I27/'Total Market by Category Rev'!$K$27 -> 0.1748199 | F27: ='Total Market by Category Rev'!J27/'Total Market by Category Rev'!$K27 -> 0.45359322 | G27: =TRIM(_xlfn.TEXTAFTER(B27," ",2)) -> 21
B28: Dec Qtr 20 | C28: ='Total Market by Category Rev'!G28/'Total Market by Category Rev'!K28 -> 0.19010082 | D28: ='Total Market by Category Rev'!H28/'Total Market by Category Rev'!K28 -> 0.22038027 | E28: ='Total Market by Category Rev'!I28/'Total Market by Category Rev'!$K$28 -> 0.14652548 | F28: ='Total Market by Category Rev'!J28/'Total Market by Category Rev'!$K28 -> 0.44299344 | G28: =TRIM(_xlfn.TEXTAFTER(B28," ",2)) -> 20
B29: Sept Qtr 20 | C29: ='Total Market by Category Rev'!G29/'Total Market by Category Rev'!K29 -> 0.18790354 | D29: ='Total Market by Category Rev'!H29/'Total Market by Category Rev'!K29 -> 0.20046559 | E29: ='Total Market by Category Rev'!I29/'Total Market by Category Rev'!K29 -> 0.16958756 | F29: ='Total Market by Category Rev'!J29/'Total Market by Category Rev'!K29 -> 0.44204331 | G29: =TRIM(_xlfn.TEXTAFTER(B29," ",2)) -> 20
B30: Jun Qtr 20 | C30: ='Total Market by Category Rev'!G30/'Total Market by Category Rev'!K30 -> 0.18026277 | D30: ='Total Market by Category Rev'!H30/'Total Market by Category Rev'!K30 -> 0.19977449 | E30: ='Total Market by Category Rev'!I30/'Total Market by Category Rev'!K30 -> 0.14668105 | F30: ='Total Market by Category Rev'!J30/'Total Market by Category Rev'!K30 -> 0.47328169 | G30: =TRIM(_xlfn.TEXTAFTER(B30," ",2)) -> 20
B31: Mar Qtr 20 | C31: ='Total Market by Category Rev'!G31/'Total Market by Category Rev'!K31 -> 0.17165286 | D31: ='Total Market by Category Rev'!H31/'Total Market by Category Rev'!K31 -> 0.18962058 | E31: ='Total Market by Category Rev'!I31/'Total Market by Category Rev'!K31 -> 0.18626254 | F31: ='Total Market by Category Rev'!J31/'Total Market by Category Rev'!K31 -> 0.45246402 | G31: =TRIM(_xlfn.TEXTAFTER(B31," ",2)) -> 20
B32: Dec Qtr 19 | C32: ='Total Market by Category Rev'!G32/'Total Market by Category Rev'!K32 -> 0.19814724 | D32: ='Total Market by Category Rev'!H32/'Total Market by Category Rev'!K32 -> 0.18740777 | E32: ='Total Market by Category Rev'!I32/'Total Market by Category Rev'!K32 -> 0.17125758 | F32: ='Total Market by Category Rev'!J32/'Total Market by Category Rev'!K32 -> 0.44318741 | G32: =TRIM(_xlfn.TEXTAFTER(B32," ",2)) -> 19
B33: Sept Qtr 19 | C33: ='Total Market by Category Rev'!G33/'Total Market by Category Rev'!K33 -> 0.1890121 | D33: ='Total Market by Category Rev'!H33/'Total Market by Category Rev'!K33 -> 0.17363911 | E33: 0.18325773 | F33: 0.45409106 | G33: =TRIM(_xlfn.TEXTAFTER(B33," ",2)) -> 19
B34: Jun Qtr 19 | C34: ='Total Market by Category Rev'!G34/'Total Market by Category Rev'!K34 -> 0.19654605 | D34: ='Total Market by Category Rev'!H34/'Total Market by Category Rev'!K34 -> 0.17724204 | E34: ='Total Market by Category Rev'!I34/'Total Market by Category Rev'!K34 -> 0.16746018 | F34: ='Total Market by Category Rev'!J34/'Total Market by Category Rev'!K34 -> 0.45875173 | G34: =TRIM(_xlfn.TEXTAFTER(B34," ",2)) -> 19
B35: Mar Qtr 19 | C35: ='Total Market by Category Rev'!G35/'Total Market by Category Rev'!K35 -> 0.19552388 | D35: ='Total Market by Category Rev'!H35/'Total Market by Category Rev'!K35 -> 0.1671963 | E35: 0.19348102 | F35: 0.4437988 | G35: =TRIM(_xlfn.TEXTAFTER(B35," ",2)) -> 19
B36: Dec Qtr 18 | C36: ='Total Market by Category Rev'!G36/'Total Market by Category Rev'!K36 -> 0.22011212 | D36: ='Total Market by Category Rev'!H36/'Total Market by Category Rev'!K36 -> 0.16309591 | E36: ='Total Market by Category Rev'!I36/'Total Market by Category Rev'!K36 -> 0.17461214 | F36: ='Total Market by Category Rev'!J36/'Total Market by Category Rev'!K36 -> 0.44217983 | G36: =TRIM(_xlfn.TEXTAFTER(B36," ",2)) -> 18
B37: Sept Qtr 18 | C37: ='Total Market by Category Rev'!G37/'Total Market by Category Rev'!K37 -> 0.22113879 | D37: ='Total Market by Category Rev'!H37/'Total Market by Category Rev'!K37 -> 0.14688912 | E37: ='Total Market by Category Rev'!I37/'Total Market by Category Rev'!K37 -> 0.19219931 | F37: ='Total Market by Category Rev'!J37/'Total Market by Category Rev'!K37 -> 0.43977278 | G37: =TRIM(_xlfn.TEXTAFTER(B37," ",2)) -> 18
B38: Jun Qtr 18 | C38: ='Total Market by Category Rev'!G38/'Total Market by Category Rev'!K38 -> 0.21670152 | D38: ='Total Market by Category Rev'!H38/'Total Market by Category Rev'!K38 -> 0.15955996 | E38: ='Total Market by Category Rev'!I38/'Total Market by Category Rev'!K38 -> 0.18692608 | F38: ='Total Market by Category Rev'!J38/'Total Market by Category Rev'!K38 -> 0.43681244 | G38: =TRIM(_xlfn.TEXTAFTER(B38," ",2)) -> 18
B39: Mar Qtr 18 | C39: ='Total Market by Category Rev'!G39/'Total Market by Category Rev'!K39 -> 0.21281964 | D39: ='Total Market by Category Rev'!H39/'Total Market by Category Rev'!K39 -> 0.15230107 | E39: ='Total Market by Category Rev'!I39/'Total Market by Category Rev'!K39 -> 0.18910704 | F39: ='Total Market by Category Rev'!J39/'Total Market by Category Rev'!K39 -> 0.44577225 | G39: =TRIM(_xlfn.TEXTAFTER(B39," ",2)) -> 18
B40: Dec Qtr 17 | C40: ='Total Market by Category Rev'!G40/'Total Market by Category Rev'!K40 -> 0.22940122 | D40: ='Total Market by Category Rev'!H40/'Total Market by Category Rev'!K40 -> 0.15817288 | E40: ='Total Market by Category Rev'!I40/'Total Market by Category Rev'!$K$40 -> 0.1742567 | F40: ='Total Market by Category Rev'!J40/'Total Market by Category Rev'!$K$40 -> 0.4381692 | G40: =TRIM(_xlfn.TEXTAFTER(B40," ",2)) -> 17
B41: Sept Qtr 17 | C41: ='Total Market by Category Rev'!G41/'Total Market by Category Rev'!K41 -> 0.21161343 | D41: ='Total Market by Category Rev'!H41/'Total Market by Category Rev'!K41 -> 0.14099124 | E41: 0.19753961 | F41: 0.44985572 | G41: =TRIM(_xlfn.TEXTAFTER(B41," ",2)) -> 17
B42: Jun Qtr 17 | C42: ='Total Market by Category Rev'!G42/'Total Market by Category Rev'!K42 -> 0.22801781 | D42: ='Total Market by Category Rev'!H42/'Total Market by Category Rev'!K42 -> 0.12317361 | E42: 0.1942917 | F42: 0.45451689 | G42: =TRIM(_xlfn.TEXTAFTER(B42," ",2)) -> 17
B43: Mar Qtr 17 | C43: ='Total Market by Category Rev'!G43/'Total Market by Category Rev'!K43 -> 0.21881567 | D43: ='Total Market by Category Rev'!H43/'Total Market by Category Rev'!K43 -> 0.12484509 | E43: 0.19257503 | F43: 0.46376421 | G43: =TRIM(_xlfn.TEXTAFTER(B43," ",2)) -> 17
B44: Dec Qtr 16 | C44: ='Total Market by Category Rev'!G44/'Total Market by Category Rev'!K44 -> 0.25153623 | D44: ='Total Market by Category Rev'!H44/'Total Market by Category Rev'!K44 -> 0.12366056 | E44: 0.1694175 | F44: 0.45538571 | G44: =TRIM(_xlfn.TEXTAFTER(B44," ",2)) -> 16
B45: Sept Qtr 16 | C45: ='Total Market by Category Rev'!G45/'Total Market by Category Rev'!K45 -> 0.25990651 | D45: ='Total Market by Category Rev'!H45/'Total Market by Category Rev'!K45 -> 0.097737172 | E45: 0.18346967 | F45: 0.45888665 | G45: =TRIM(_xlfn.TEXTAFTER(B45," ",2)) -> 16
B46: Jun Qtr 16 | C46: ='Total Market by Category Rev'!G46/'Total Market by Category Rev'!K46 -> 0.26804805 | D46: ='Total Market by Category Rev'!H46/'Total Market by Category Rev'!K46 -> 0.098148352 | E46: 0.17242519 | F46: 0.46134347 | G46: =TRIM(_xlfn.TEXTAFTER(B46," ",2)) -> 16
B47: Mar Qtr 16 | C47: ='Total Market by Category Rev'!G47/'Total Market by Category Rev'!K47 -> 0.26331908 | D47: ='Total Market by Category Rev'!H47/'Total Market by Category Rev'!K47 -> 0.089390963 | E47: 0.17820409 | F47: 0.46908587 | G47: =TRIM(_xlfn.TEXTAFTER(B47," ",2)) -> 16
B48: Dec Qtr 15 | C48: ='Total Market by Category Rev'!G48/'Total Market by Category Rev'!K48 -> 0.29227887 | D48: ='Total Market by Category Rev'!H48/'Total Market by Category Rev'!K48 -> 0.080957677 | E48: 0.17619856 | F48: 0.45056489 | G48: =TRIM(_xlfn.TEXTAFTER(B48," ",2)) -> 15
B49: Sept Qtr 15 | C49: ='Total Market by Category Rev'!G49/'Total Market by Category Rev'!K49 -> 0.27334313 | D49: ='Total Market by Category Rev'!H49/'Total Market by Category Rev'!K49 -> 0.082380009 | E49: 0.19460599 | F49: 0.44967086 | G49: =TRIM(_xlfn.TEXTAFTER(B49," ",2)) -> 15
B50: Jun Qtr 15 | C50: ='Total Market by Category Rev'!G50/'Total Market by Category Rev'!K50 -> 0.27480969 | D50: ='Total Market by Category Rev'!H50/'Total Market by Category Rev'!K50 -> 0.078131488 | E50: 0.18955017 | F50: 0.45750865 | G50: =TRIM(_xlfn.TEXTAFTER(B50," ",2)) -> 15
B51: Mar Qtr 15 | C51: ='Total Market by Category Rev'!G51/'Total Market by Category Rev'!K51 -> 0.2406479 | D51: ='Total Market by Category Rev'!H51/'Total Market by Category Rev'!K51 -> 0.080293097 | E51: 0.19691477 | F51: 0.48214423 | G51: =TRIM(_xlfn.TEXTAFTER(B51," ",2)) -> 15
B52: Dec Qtr 14 | C52: ='Total Market by Category Rev'!G52/'Total Market by Category Rev'!K52 -> 0.24328168 | D52: ='Total Market by Category Rev'!H52/'Total Market by Category Rev'!K52 -> 0.082116925 | E52: 0.18540419 | F52: 0.48914671 | G52: =TRIM(_xlfn.TEXTAFTER(B52," ",2)) -> 14
... B82: Jun Qtr 07 | C82: ='Total Market by Category Rev'!G82/'Total Market by Category Rev'!K82 -> 0.2779484 | D82: ='Total Market by Category Rev'!H82/'Total Market by Category Rev'!K82 -> 0 | E82: 0.26973886 | F82: 0.45253456 | G82: =TRIM(_xlfn.TEXTAFTER(B82," ",2)) -> 07
B84: Overall Market Share – Financial yearly historical data
B86: Period | C86: Non-Video General Display | D86: Video | E86: Classifieds | F86: Search & Directories
C87: $m | D87: $m | E87: $m | F87: $m
B88: FY2026 | C88: ='Total Market by Category Rev'!G89/'Total Market by Category Rev'!$K89 -> 0.11037785 | D88: ='Total Market by Category Rev'!H89/'Total Market by Category Rev'!$K89 -> 0.30020025 | E88: ='Total Market by Category Rev'!I89/'Total Market by Category Rev'!$K89 -> 0.15556162 | F88: ='Total Market by Category Rev'!J89/'Total Market by Category Rev'!$K89 -> 0.43386027
B89: FY2025 | C89: ='Total Market by Category Rev'!G90/'Total Market by Category Rev'!$K90 -> 0.1176902 | D89: ='Total Market by Category Rev'!H90/'Total Market by Category Rev'!$K90 -> 0.28794907 | E89: ='Total Market by Category Rev'!I90/'Total Market by Category Rev'!$K90 -> 0.15743513 | F89: ='Total Market by Category Rev'!J90/'Total Market by Category Rev'!$K90 -> 0.4369256
B90: FY2024 | C90: ='Total Market by Category Rev'!G91/'Total Market by Category Rev'!$K91 -> 0.12997324 | D90: ='Total Market by Category Rev'!H91/'Total Market by Category Rev'!$K91 -> 0.26250752 | E90: ='Total Market by Category Rev'!I91/'Total Market by Category Rev'!$K91 -> 0.16569347 | F90: ='Total Market by Category Rev'!J91/'Total Market by Category Rev'!$K91 -> 0.44182577
B91: FY2023 | C91: ='Total Market by Category Rev'!G92/'Total Market by Category Rev'!$K92 -> 0.14383315 | D91: ='Total Market by Category Rev'!H92/'Total Market by Category Rev'!$K92 -> 0.2438113 | E91: ='Total Market by Category Rev'!I92/'Total Market by Category Rev'!$K92 -> 0.17174666 | F91: ='Total Market by Category Rev'!J92/'Total Market by Category Rev'!$K92 -> 0.44060889
B92: FY2022 | C92: ='Total Market by Category Rev'!G93/'Total Market by Category Rev'!$K93 -> 0.16268468 | D92: ='Total Market by Category Rev'!H93/'Total Market by Category Rev'!$K93 -> 0.22838026 | E92: ='Total Market by Category Rev'!I93/'Total Market by Category Rev'!$K93 -> 0.17328815 | F92: ='Total Market by Category Rev'!J93/'Total Market by Category Rev'!$K93 -> 0.43564691
B93: FY2021 | C93: ='Total Market by Category Rev'!G94/'Total Market by Category Rev'!$K94 -> 0.17890732 | D93: ='Total Market by Category Rev'!H94/'Total Market by Category Rev'!$K94 -> 0.21207336 | E93: ='Total Market by Category Rev'!I94/'Total Market by Category Rev'!$K94 -> 0.16260998 | F93: ='Total Market by Category Rev'!J94/'Total Market by Category Rev'!$K94 -> 0.44640934
B94: FY2020 | C94: ='Total Market by Category Rev'!G95/'Total Market by Category Rev'!$K95 -> 0.18514836 | D94: ='Total Market by Category Rev'!H95/'Total Market by Category Rev'!$K95 -> 0.18713674 | E94: ='Total Market by Category Rev'!I95/'Total Market by Category Rev'!$K95 -> 0.17266093 | F94: ='Total Market by Category Rev'!J95/'Total Market by Category Rev'!$K95 -> 0.45505397
B95: FY2019 | C95: ='Total Market by Category Rev'!G96/'Total Market by Category Rev'!$K96 -> 0.20836464 | D95: ='Total Market by Category Rev'!H96/'Total Market by Category Rev'!$K96 -> 0.16370166 | E95: ='Total Market by Category Rev'!I96/'Total Market by Category Rev'!$K96 -> 0.18172376 | F95: ='Total Market by Category Rev'!J96/'Total Market by Category Rev'!$K96 -> 0.44620994
B96: FY2018 | C96: ='Total Market by Category Rev'!G97/'Total Market by Category Rev'!$K97 -> 0.21781708 | D96: ='Total Market by Category Rev'!H97/'Total Market by Category Rev'!$K97 -> 0.1530589 | E96: ='Total Market by Category Rev'!I97/'Total Market by Category Rev'!$K97 -> 0.1866868 | F96: ='Total Market by Category Rev'!J97/'Total Market by Category Rev'!$K97 -> 0.44243722
B97: FY2017 | C97: ='Total Market by Category Rev'!G98/'Total Market by Category Rev'!$K98 -> 0.23973691 | D97: ='Total Market by Category Rev'!H98/'Total Market by Category Rev'!$K98 -> 0.11742002 | E97: ='Total Market by Category Rev'!I98/'Total Market by Category Rev'!$K98 -> 0.18476848 | F97: ='Total Market by Category Rev'!J98/'Total Market by Category Rev'!$K98 -> 0.4580746
B98: FY2016 | C98: ='Total Market by Category Rev'!G99/'Total Market by Category Rev'!$K99 -> 0.27413394 | D98: ='Total Market by Category Rev'!H99/'Total Market by Category Rev'!$K99 -> 0.087999765 | E98: ='Total Market by Category Rev'!I99/'Total Market by Category Rev'!$K99 -> 0.17993019 | F98: ='Total Market by Category Rev'!J99/'Total Market by Category Rev'!$K99 -> 0.45793611

Sheet General Display by Type
A1: FY
D8: Breakdown of general display advertising by type- by quarter
D10: *Other includes audio dollars. Refer to audio tab for further details on audio trends
D12: Period | E12: Standard Display | F12: Infeed/Native/Content | G12: Video | H12: Other * | I12: Total General display excl. video | J12: Total General display incl. video | K12: Calendar Year
E13: ($m) | F13: ($m) | G13: ($m) | H13: ($m) | I13: ($m) | J13: ($m)
A14: 2026 | B14: =$A$1&A14 -> FY2026 | D14: Jun Qtr 26 | E14: 152.7 | F14: 321.4 | G14: 1677.2 | H14: 106.1 | I14: =E14+F14+H14 -> 580.2 | J14: =I14+G14 -> 2257.4
A15: 2026 | B15: =$A$1&A15 -> FY2026 | D15: Mar Qtr 26 | E15: 130 | F15: 288.2 | G15: 1402.6 | H15: =83.6+11.6 -> 95.2 | I15: 513.3 | J15: 1915.9
A16: 2026 | B16: =$A$1&A16 -> FY2026 | D16: Dec Qtr 25 | E16: 161.1 | F16: 322.6 | G16: 1509.7 | H16: 108.8 | I16: 592.5 | J16: 2102.2
A17: 2026 | B17: =$A$1&A17 -> FY2026 | D17: Sept Qtr 25 | E17: 130.6 | F17: 269 | G17: 1346.9 | H17: 97.1 | I17: =E17+F17+H17 -> 496.7 | J17: =SUM(E17:H17) -> 1843.6
A18: 2025 | B18: =$A$1&A18 -> FY2025 | D18: Jun Qtr 25 | E18: 144.4 | F18: 277.9 | G18: 1368.3 | H18: 102.1 | I18: =E18+F18+H18 -> 524.4 | J18: =SUM(E18:H18) -> 1892.7
A19: 2025 | B19: =$A$1&A19 -> FY2025 | D19: Mar Qtr 25 | E19: 120.7 | F19: 254.6 | G19: 1165.1 | H19: 91 | I19: =E19+F19+H19 -> 466.3 | J19: =SUM(E19:H19) -> 1631.4
A20: 2025 | B20: =$A$1&A20 -> FY2025 | D20: Dec Qtr 24 | E20: 160.6 | F20: 282.1 | G20: 1308.7 | H20: 104.4 | I20: =E20+F20+H20 -> 547.1 | J20: =SUM(E20:H20) -> 1855.8
A21: 2025 | B21: =$A$1&A21 -> FY2025 | D21: Sept Qtr 24 | E21: 140.2 | F21: 268.8 | G21: 1154 | H21: 95.2 | I21: =E21+F21+H21 -> 504.2 | J21: =SUM(E21:H21) -> 1658.2
A22: 2024 | B22: =$A$1&A22 -> FY2024 | D22: Jun Qtr 24 | E22: 141.9 | F22: 279.8 | G22: 1091.6 | H22: 97.1 | I22: =E22+F22+H22 -> 518.8 | J22: =SUM(E22:H22) -> 1610.4
A23: 2024 | B23: =$A$1&A23 -> FY2024 | D23: Mar Qtr 24 | E23: 133.5 | F23: 255.3 | G23: 944.9 | H23: 82 | I23: =E23+F23+H23 -> 470.8 | J23: =SUM(E23:H23) -> 1415.7
A24: 2024 | B24: =$A$1&A24 -> FY2024 | D24: Dec Qtr 23 | E24: 156.5 | F24: 302.2 | G24: 1098 | H24: 94.4 | I24: =E24+F24+H24 -> 553.1 | J24: =SUM(E24:H24) -> 1651.1 | K24: =TRIM(_xlfn.TEXTAFTER(D24," ",2)) -> 23
A25: 2024 | B25: =$A$1&A25 -> FY2024 | D25: Sept Qtr 23 | E25: 138.4 | F25: 264 | G25: 965.5 | H25: 85 | I25: =E25+F25+H25 -> 487.4 | J25: =SUM(E25:H25) -> 1452.9 | K25: =TRIM(_xlfn.TEXTAFTER(D25," ",2)) -> 23
A26: 2023 | B26: =$A$1&A26 -> FY2023 | D26: Jun Qtr 23 | E26: 143.8 | F26: 264.9 | G26: 918.8 | H26: 86.5 | I26: =E26+F26+H26 -> 495.2 | J26: =SUM(E26:H26) -> 1414 | K26: =TRIM(_xlfn.TEXTAFTER(D26," ",2)) -> 23
A27: 2023 | B27: =$A$1&A27 -> FY2023 | D27: Mar Qtr 23 | E27: 135.8 | F27: 243 | G27: 780.7 | H27: 68.9 | I27: =E27+F27+H27 -> 447.7 | J27: =SUM(E27:H27) -> 1228.4 | K27: =TRIM(_xlfn.TEXTAFTER(D27," ",2)) -> 23
A28: =A24-1 -> 2023 | B28: =$A$1&A28 -> FY2023 | D28: Dec Qtr 22 | E28: 209.6 | F28: 312.7 | G28: 917.9 | H28: 71.5 | I28: =E28+F28+H28 -> 593.8 | J28: =SUM(E28:H28) -> 1511.7 | K28: =TRIM(_xlfn.TEXTAFTER(D28," ",2)) -> 22
A29: =A25-1 -> 2023 | B29: =$A$1&A29 -> FY2023 | D29: Sept Qtr 22 | E29: 153.7 | F29: 276.6 | G29: 840.6 | H29: =58.5+14.5 -> 73 | I29: =E29+F29+H29 -> 503.3 | J29: =SUM(E29:H29) -> 1343.9 | K29: =TRIM(_xlfn.TEXTAFTER(D29," ",2)) -> 22
A30: =A26-1 -> 2022 | B30: =$A$1&A30 -> FY2022 | D30: Jun Qtr 22 | E30: 195.4 | F30: 324.3 | G30: 821.5 | H30: 73 | I30: =E30+F30+H30 -> 592.7 | J30: =SUM(E30:H30) -> 1414.2 | K30: =TRIM(_xlfn.TEXTAFTER(D30," ",2)) -> 22
A31: =A27-1 -> 2022 | B31: =$A$1&A31 -> FY2022 | D31: Mar Qtr 22 | E31: 169.8 | F31: 307.6 | G31: 725.7 | H31: 57.6 | I31: =E31+F31+H31 -> 535 | J31: =SUM(E31:H31) -> 1260.7 | K31: =TRIM(_xlfn.TEXTAFTER(D31," ",2)) -> 22
A32: =A28-1 -> 2022 | B32: =$A$1&A32 -> FY2022 | D32: Dec Qtr 21 | E32: 203.5 | F32: 385 | G32: 829.2 | H32: 59.2 | I32: =SUM(E32,F32,H32) -> 647.7 | J32: =SUM(E32:H32) -> 1476.9 | K32: =TRIM(_xlfn.TEXTAFTER(D32," ",2)) -> 21
A33: =A29-1 -> 2022 | B33: =$A$1&A33 -> FY2022 | D33: Sept Qtr 21 | E33: 129.4 | F33: 305 | G33: 804.8 | H33: 56.3 | I33: =E33+F33+H33 -> 490.7 | J33: =SUM(E33:H33) -> 1295.5 | K33: =TRIM(_xlfn.TEXTAFTER(D33," ",2)) -> 21
A34: =A30-1 -> 2021 | B34: =$A$1&A34 -> FY2021 | D34: Jun Qtr 21 | E34: 180.8 | F34: 328.4 | G34: 725.2 | H34: 54.1 | I34: =E34+F34+H34 -> 563.3 | J34: =SUM(E34:H34) -> 1288.5 | K34: =TRIM(_xlfn.TEXTAFTER(D34," ",2)) -> 21
A35: =A31-1 -> 2021 | B35: =$A$1&A35 -> FY2021 | D35: Mar Qtr 21 | E35: 152.5 | F35: 297.2 | G35: 586.6 | H35: 38.7 | I35: =E35+F35+H35 -> 488.4 | J35: =SUM(E35:H35) -> 1075 | K35: =TRIM(_xlfn.TEXTAFTER(D35," ",2)) -> 21
A36: =A32-1 -> 2021 | B36: =$A$1&A36 -> FY2021 | D36: Dec Qtr 20 | E36: 176.7 | F36: 367.7 | G36: 651.4 | H36: 17.5 | I36: =SUM(E36:F36)+H36 -> 561.9 | J36: =SUM(E36:H36) -> 1213.3 | K36: =TRIM(_xlfn.TEXTAFTER(D36," ",2)) -> 20
A37: =A33-1 -> 2021 | B37: =$A$1&A37 -> FY2021 | D37: Sept Qtr 20 | E37: 143.8 | F37: 270.4 | G37: 456.4 | H37: 13.5 | I37: =E37+F37+H37 -> 427.7 | J37: =SUM(E37:H37) -> 884.1 | K37: =TRIM(_xlfn.TEXTAFTER(D37," ",2)) -> 20
A38: =A34-1 -> 2020 | B38: =$A$1&A38 -> FY2020 | D38: Jun Qtr 20 | E38: 116.3 | F38: 242.4 | G38: 407.5 | H38: 9 | I38: =E38+F38+H38 -> 367.7 | J38: =SUM(E38:H38) -> 775.2 | K38: =TRIM(_xlfn.TEXTAFTER(D38," ",2)) -> 20
A39: =A35-1 -> 2020 | B39: =$A$1&A39 -> FY2020 | D39: Mar Qtr 20 | E39: 126.3 | F39: 255.2 | G39: 434.8 | H39: 12 | I39: =E39+F39+H39 -> 393.5 | J39: =SUM(E39:H39) -> 828.3 | K39: =TRIM(_xlfn.TEXTAFTER(D39," ",2)) -> 20
A40: =A36-1 -> 2020 | B40: =$A$1&A40 -> FY2020 | D40: Dec Qtr 19 | E40: 140.1 | F40: 332.3 | G40: 457.2 | H40: 11 | I40: =J40-G40 -> 483.4 | J40: =SUM(E40:H40) -> 940.6 | K40: =TRIM(_xlfn.TEXTAFTER(D40," ",2)) -> 19
A41: =A37-1 -> 2020 | B41: =$A$1&A41 -> FY2020 | D41: Sept Qtr 19 | E41: 131.6 | F41: 306.7 | G41: 413.4 | H41: 11.7 | I41: =J41-G41 -> 450 | J41: 863.4 | K41: =TRIM(_xlfn.TEXTAFTER(D41," ",2)) -> 19
A42: =A38-1 -> 2019 | B42: =$A$1&A42 -> FY2019 | D42: Jun Qtr 19 | E42: 146.7 | F42: 295.7 | G42: 409.5 | H42: 11.7 | I42: 454.1 | J42: 863.6 | K42: =TRIM(_xlfn.TEXTAFTER(D42," ",2)) -> 19
A43: =A39-1 -> 2019 | B43: =$A$1&A43 -> FY2019 | D43: Mar Qtr 19 | E43: 145.5 | F43: 277.1 | G43: 368.3 | H43: 8.1 | I43: 430.7 | J43: 799 | K43: =TRIM(_xlfn.TEXTAFTER(D43," ",2)) -> 19
A44: =A40-1 -> 2019 | B44: =$A$1&A44 -> FY2019 | D44: Dec Qtr 18 | E44: 198.5 | F44: 299.8 | G44: 375.3 | H44: 8.2 | I44: 506.5 | J44: 881.8 | K44: =TRIM(_xlfn.TEXTAFTER(D44," ",2)) -> 18
A45: =A41-1 -> 2019 | B45: =$A$1&A45 -> FY2019 | D45: Sept Qtr 18 | E45: 178.3 | F45: 308.1 | G45: 328.4 | H45: 8 | I45: 494.4 | J45: 822.8 | K45: =TRIM(_xlfn.TEXTAFTER(D45," ",2)) -> 18
A46: =A42-1 -> 2018 | B46: =$A$1&A46 -> FY2018 | D46: Jun Qtr 18 | E46: 179.8 | F46: 290 | G46: 351 | H46: 6.9 | I46: 476.7 | J46: 827.7 | K46: =TRIM(_xlfn.TEXTAFTER(D46," ",2)) -> 18
A47: =A43-1 -> 2018 | B47: =$A$1&A47 -> FY2018 | D47: Mar Qtr 18 | E47: 162.1 | F47: 280.8 | G47: 320 | H47: 4.3 | I47: 447.2 | J47: 767.2 | K47: =TRIM(_xlfn.TEXTAFTER(D47," ",2)) -> 18
A48: =A44-1 -> 2018 | B48: =$A$1&A48 -> FY2018 | D48: Dec Qtr 17 | E48: 184.8 | F48: 305.5 | G48: 344.2 | H48: 8.9 | I48: 499.2 | J48: 843.4 | K48: =TRIM(_xlfn.TEXTAFTER(D48," ",2)) -> 17
A49: =A45-1 -> 2018 | B49: =$A$1&A49 -> FY2018 | D49: Sept Qtr 17 | E49: 155 | F49: 256 | G49: 278.5 | H49: 7 | I49: 418 | J49: 696.5 | K49: =TRIM(_xlfn.TEXTAFTER(D49," ",2)) -> 17
D51: Period | E51: Standard Display | F51: Infeed/Native/Content | G51: Video | H51: Other *
E52: % | F52: % | G52: % | H52: %
D53: Jun Qtr 26 | E53: 0.07 | F53: 0.14 | G53: 0.74 | H53: 0.05
D54: Mar Qtr 26 | E54: 0.07 | F54: 0.15 | G54: 0.73 | H54: 0.05
D55: Dec Qtr 25 | E55: =E16/$J$16 -> 0.076634002 | F55: =F16/$J$16 -> 0.15345828 | G55: =G16/$J$16 -> 0.71815241 | H55: =H16/$J$16 -> 0.051755304
D56: Sept Qtr 25 | E56: 0.08 | F56: 0.15 | G56: 0.72 | H56: 0.05
D57: Jun Qtr 25 | E57: 0.08 | F57: 0.15 | G57: 0.72 | H57: 0.05
D58: Mar Qtr 25 | E58: 0.07 | F58: 0.16 | G58: =G19/$J$19 -> 0.71417188 | H58: =H19/$J$19 -> 0.055780311
D59: Dec Qtr 24 | E59: 0.09 | F59: 0.15 | G59: 0.7 | H59: 0.06
D60: Sept Qtr 24 | E60: =E21/J21 -> 0.084549512 | F60: =F21/J21 -> 0.16210349 | G60: =G21/J21 -> 0.69593535 | H60: =H21/J21 -> 0.057411651
D61: Jun Qtr 24 | E61: 0.09 | F61: 0.17 | G61: 0.68 | H61: 0.06
D62: Mar Qtr 24 | E62: =E23/$J$23 -> 0.09429964 | F62: =F23/$J$23 -> 0.18033482 | G62: =G23/$J$23 -> 0.66744367 | H62: =H23/$J$23 -> 0.057921876
D63: Dec Qtr 23 | E63: =E24/$J$24 -> 0.094785295 | F63: =F24/$J$24 -> 0.1830295 | G63: =G24/$J$24 -> 0.6650112 | H63: =H24/$J$24 -> 0.057174005
D64: Sept Qtr 23 | E64: =E25/$J$25 -> 0.09525776 | F64: =F25/$J$25 -> 0.18170555 | G64: =G25/$J$25 -> 0.664533 | H64: =H25/$J$25 -> 0.058503682
D65: Jun Qtr 23 | E65: =E26/$J$26 -> 0.10169731 | F65: =F26/$J$26 -> 0.18734088 | G65: =G26/$J$26 -> 0.64978784 | H65: =H26/$J$26 -> 0.061173975
D66: Mar Qtr 23 | E66: =E27/$J$27 -> 0.11055031 | F66: =F27/$J$27 -> 0.1978183 | G66: =G27/$J$27 -> 0.63554217 | H66: =H27/$J$27 -> 0.056089222
D67: Dec Qtr 22 | E67: =E28/$J$28 -> 0.13865185 | F67: =F28/$J$28 -> 0.20685321 | G67: =G28/$J$28 -> 0.6071972 | H67: =H28/$J$28 -> 0.047297744
D68: Sept Qtr 22 | E68: =E29/$J$29 -> 0.11436863 | F68: =F29/$J$29 -> 0.20581889 | G68: =G29/$J$29 -> 0.62549297 | H68: =H29/$J$29 -> 0.054319518
D69: Jun Qtr 22 | E69: =E30/$J$30 -> 0.13816999 | F69: =F30/$J$30 -> 0.22931693 | G69: =G30/$J$30 -> 0.58089379 | H69: =H30/$J$30 -> 0.05161929
D70: Mar Qtr 22 | E70: =E31/$J$31 -> 0.13468708 | F70: =F31/$J$31 -> 0.24399143 | G70: =G31/$J$31 -> 0.57563259 | H70: =H31/$J$31 -> 0.045688903
D71: Dec Qtr 21 | E71: =E32/$J$32 -> 0.13778861 | F71: =F32/$J$32 -> 0.26068116 | G71: =G32/$J$32 -> 0.56144627 | H71: =H32/$J$32 -> 0.04008396
D72: Sept Qtr 21 | E72: =E33/$J$33 -> 0.099884215 | F72: =F33/$J$33 -> 0.23543034 | G72: =G33/$J$33 -> 0.62122733 | H72: =H33/$J$33 -> 0.043458124
D73: Jun Qtr 21 | E73: =E34/$J$34 -> 0.1403182 | F73: =F34/$J$34 -> 0.25487 | G73: =G34/$J$34 -> 0.56282499 | H73: =H34/$J$34 -> 0.041986806
D74: Mar Qtr 21 | E74: =E35/$J$35 -> 0.14186047 | F74: =F35/$J$35 -> 0.27646512 | G74: =G35/$J$35 -> 0.54567442 | H74: =H35/$J$35 -> 0.036
D75: Dec Qtr 20 | E75: =E36/$J$36 -> 0.14563587 | F75: =F36/$J$36 -> 0.30305778 | G75: =G36/$J$36 -> 0.53688288 | H75: =H36/$J$36 -> 0.014423473
D76: Sept Qtr 20 | E76: =E37/$J$37 -> 0.16265128 | F76: =F37/$J$37 -> 0.30584775 | G76: =G37/$J$37 -> 0.5162312 | H76: 0.01
D77: Jun Qtr 20 | E77: 0.1455515 | F77: 0.3152966 | G77: 0.5274454 | H77: 0.0117066
D78: Mar Qtr 20 | E78: 0.14821124 | F78: 0.31053784 | G78: 0.52664882 | H78: 0.014602093
D79: Dec Qtr 19 | E79: =E40/$J$40 -> 0.14894748 | F79: =F40/$J$40 -> 0.35328514 | G79: =G40/$J$40 -> 0.48607272 | H79: =H40/$J$40 -> 0.011694663
D80: Sept Qtr 19 | E80: 0.15 | F80: 0.36 | G80: 0.48 | H80: 0.01
D81: Jun Qtr 19 | E81: 0.17 | F81: 0.34 | G81: 0.48 | H81: 0.01
D82: Mar Qtr 19 | E82: 0.18 | F82: 0.35 | G82: 0.46 | H82: 0.01
D83: Dec Qtr 18 | E83: 0.23 | F83: 0.34 | G83: 0.43 | H83: 0.01
D84: Sept Qtr 18 | E84: 0.22 | F84: 0.37 | G84: 0.4 | H84: 0.01
D85: Jun Qtr 18 | E85: 0.22 | F85: 0.35 | G85: 0.42 | H85: 0.01
D86: Mar Qtr 18 | E86: 0.21 | F86: 0.37 | G86: 0.42 | H86: 0
D87: Dec Qtr 17 | E87: 0.22 | F87: 0.36 | G87: 0.41 | H87: 0.01
D88: Sept Qtr 17 | E88: 0.22 | F88: 0.37 | G88: 0.4 | H88: 0.01
D91: Breakdown of general display advertising by type- by financial year
D93: Period | E93: Standard Display | F93: Infeed/Native/Content | G93: Video | H93: Other * | I93: Total General display excl. video | J93: Total General display incl. video
E94: ($m) | F94: ($m) | G94: ($m) | H94: ($m) | I94: ($m) | J94: ($m)
D95: FY2026 | E95: =SUMIFS(E$14:E$49,$B$14:$B$49,$D95) -> 574.4 | F95: =SUMIFS(F$14:F$49,$B$14:$B$49,$D95) -> 1201.2 | G95: =SUMIFS(G$14:G$49,$B$14:$B$49,$D95) -> 5936.4 | H95: =SUMIFS(H$14:H$49,$B$14:$B$49,$D95) -> 407.2 | I95: =E95+F95+H95 -> 2182.8 | J95: =I95+G95 -> 8119.2
D96: FY2025 | E96: =SUMIFS(E$14:E$49,$B$14:$B$49,$D96) -> 565.9 | F96: =SUMIFS(F$14:F$49,$B$14:$B$49,$D96) -> 1083.4 | G96: =SUMIFS(G$14:G$49,$B$14:$B$49,$D96) -> 4996.1 | H96: =SUMIFS(H$14:H$49,$B$14:$B$49,$D96) -> 392.7 | I96: =E96+F96+H96 -> 2042 | J96: =I96+G96 -> 7038.1
D97: FY2024 | E97: =SUMIFS(E$14:E$49,$B$14:$B$49,$D97) -> 570.3 | F97: =SUMIFS(F$14:F$49,$B$14:$B$49,$D97) -> 1101.3 | G97: =SUMIFS(G$14:G$49,$B$14:$B$49,$D97) -> 4100 | H97: =SUMIFS(H$14:H$49,$B$14:$B$49,$D97) -> 358.5 | I97: =E97+F97+H97 -> 2030.1 | J97: =I97+G97 -> 6130.1
D98: FY2023 | E98: =SUMIFS(E$14:E$49,$B$14:$B$49,$D98) -> 642.9 | F98: =SUMIFS(F$14:F$49,$B$14:$B$49,$D98) -> 1097.2 | G98: =SUMIFS(G$14:G$49,$B$14:$B$49,$D98) -> 3458 | H98: =SUMIFS(H$14:H$49,$B$14:$B$49,$D98) -> 299.9 | I98: =E98+F98+H98 -> 2040 | J98: =I98+G98 -> 5498
D99: FY2022 | E99: =SUMIFS(E$14:E$49,$B$14:$B$49,$D99) -> 698.1 | F99: =SUMIFS(F$14:F$49,$B$14:$B$49,$D99) -> 1321.9 | G99: =SUMIFS(G$14:G$49,$B$14:$B$49,$D99) -> 3181.2 | H99: =SUMIFS(H$14:H$49,$B$14:$B$49,$D99) -> 246.1 | I99: =E99+F99+H99 -> 2266.1 | J99: =I99+G99 -> 5447.3
D100: FY2021 | E100: =SUMIFS(E$14:E$49,$B$14:$B$49,$D100) -> 653.8 | F100: =SUMIFS(F$14:F$49,$B$14:$B$49,$D100) -> 1263.7 | G100: =SUMIFS(G$14:G$49,$B$14:$B$49,$D100) -> 2419.6 | H100: =SUMIFS(H$14:H$49,$B$14:$B$49,$D100) -> 123.8 | I100: =E100+F100+H100 -> 2041.3 | J100: =I100+G100 -> 4460.9
D101: FY2020 | E101: =SUMIFS(E$14:E$49,$B$14:$B$49,$D101) -> 514.3 | F101: =SUMIFS(F$14:F$49,$B$14:$B$49,$D101) -> 1136.6 | G101: =SUMIFS(G$14:G$49,$B$14:$B$49,$D101) -> 1712.9 | H101: =SUMIFS(H$14:H$49,$B$14:$B$49,$D101) -> 43.7 | I101: =E101+F101+H101 -> 1694.6 | J101: =I101+G101 -> 3407.5
D102: FY2019 | E102: =SUMIFS(E$14:E$49,$B$14:$B$49,$D102) -> 669 | F102: =SUMIFS(F$14:F$49,$B$14:$B$49,$D102) -> 1180.7 | G102: =SUMIFS(G$14:G$49,$B$14:$B$49,$D102) -> 1481.5 | H102: =SUMIFS(H$14:H$49,$B$14:$B$49,$D102) -> 36 | I102: =E102+F102+H102 -> 1885.7 | J102: =I102+G102 -> 3367.2
D103: FY2018 | E103: =SUMIFS(E$14:E$49,$B$14:$B$49,$D103) -> 681.7 | F103: =SUMIFS(F$14:F$49,$B$14:$B$49,$D103) -> 1132.3 | G103: =SUMIFS(G$14:G$49,$B$14:$B$49,$D103) -> 1293.7 | H103: =SUMIFS(H$14:H$49,$B$14:$B$49,$D103) -> 27.1 | I103: =E103+F103+H103 -> 1841.1 | J103: =I103+G103 -> 3134.8
D105: Period | E105: Standard Display | F105: Infeed/Native/Content | G105: Video | H105: Other *
E106: % | F106: % | G106: % | H106: %
D107: =D95 -> FY2026 | E107: =E95/$J95 -> 0.070745886 | F107: =F95/$J95 -> 0.14794561 | G107: =G95/$J95 -> 0.73115578 | H107: =H95/$J95 -> 0.050152724
D108: =D96 -> FY2025 | E108: =E96/$J96 -> 0.080405223 | F108: =F96/$J96 -> 0.15393359 | G108: =G96/$J96 -> 0.70986488 | H108: =H96/$J96 -> 0.055796309
D109: =D97 -> FY2024 | E109: =E97/$J97 -> 0.09303274 | F109: =F97/$J97 -> 0.17965449 | G109: =G97/$J97 -> 0.66883085 | H109: =H97/$J97 -> 0.058481917
D110: =D98 -> FY2023 | E110: =E98/$J98 -> 0.11693343 | F110: =F98/$J98 -> 0.19956348 | G110: =G98/$J98 -> 0.62895598 | H110: =H98/$J98 -> 0.054547108
D111: =D99 -> FY2022 | E111: =E99/$J99 -> 0.12815523 | F111: =F99/$J99 -> 0.24267068 | G111: =G99/$J99 -> 0.58399574 | H111: =H99/$J99 -> 0.045178345
D112: =D100 -> FY2021 | E112: =E100/$J100 -> 0.14656235 | F112: =F100/$J100 -> 0.28328364 | G112: =G100/$J100 -> 0.54240176 | H112: =H100/$J100 -> 0.027752247
D113: =D101 -> FY2020 | E113: =E101/$J101 -> 0.15093177 | F113: =F101/$J101 -> 0.33355833 | G113: =G101/$J101 -> 0.50268525 | H113: =H101/$J101 -> 0.012824652
...

Sheet Video
A1: FY
D4: Video by quarter
D6: Period | E6: Video expenditure ($m) | F6: Growth | I6: Video share of Display | J6: Calendar Year
F7: Qtr / Qtr | G7: Year / Year
A8: 2026 | B8: =$A$1&A8 -> FY2026 | D8: Jun Qtr 26 | E8: 1677.2 | F8: =(E8-E9)/E9 -> 0.19577927 | G8: =(E8-E12)/E12 -> 0.22575459 | I8: =E8/('Total Market by Category Rev'!G6+'Total Market by Category Rev'!H6) -> 0.74297865
A9: 2026 | B9: =$A$1&A9 -> FY2026 | D9: Mar Qtr 26 | E9: 1402.6 | F9: =(E9-E10)/E10 -> -0.070941247 | G9: =(E9-E13)/E13 -> 0.20384516 | I9: =E9/('Total Market by Category Rev'!G7+'Total Market by Category Rev'!H7) -> 0.73208414
A10: 2026 | B10: =$A$1&A10 -> FY2026 | D10: Dec Qtr 25 | E10: 1509.7 | F10: =(E10-E11)/E11 -> 0.12087015 | G10: =(E10-E14)/E14 -> 0.15358753 | I10: =E10/('Total Market by Category Rev'!G8+'Total Market by Category Rev'!H8) -> 0.71815241
A11: 2026 | B11: =$A$1&A11 -> FY2026 | D11: Sept Qtr 25 | E11: 1346.9 | F11: =(E11-E12)/E12 -> -0.015639845 | G11: =(E11-E15)/E15 -> 0.16715771 | I11: 0.724
A12: 2025 | B12: =$A$1&A12 -> FY2025 | D12: Jun Qtr 25 | E12: 1368.3 | F12: =(E12-E13)/E13 -> 0.17440563 | G12: =(E12-E16)/E16 -> 0.25348113 | I12: =E12/('Total Market by Category Rev'!G10+'Total Market by Category Rev'!H10) -> 0.72297369
A13: 2025 | B13: =$A$1&A13 -> FY2025 | D13: Mar Qtr 25 | E13: ='General Display by Type'!G19 -> 1165.1 | F13: =(E13-E14)/E14 -> -0.10972721 | G13: =(E13-E17)/E17 -> 0.23304053 | I13: =E13/('Total Market by Category Rev'!G11+'Total Market by Category Rev'!H11) -> 0.7141281
A14: 2025 | B14: =$A$1&A14 -> FY2025 | D14: Dec Qtr 24 | E14: 1308.7 | F14: =(E14-E15)/E15 -> 0.13405546 | G14: =(E14-E18)/E18 -> 0.19189435 | I14: =E14/('Total Market by Category Rev'!G12+'Total Market by Category Rev'!H12) -> 0.70519453
A15: 2025 | B15: =$A$1&A15 -> FY2025 | D15: Sept Qtr 24 | E15: 1154 | F15: =(E15-E16)/E16 -> 0.057163796 | G15: =(E15-E19)/E19 -> 0.19523563 | I15: =E15/('Total Market by Category Rev'!G13+'Total Market by Category Rev'!H13) -> 0.69593535
A16: 2024 | B16: =$A$1&A16 -> FY2024 | D16: Jun Qtr 24 | E16: 1091.6 | F16: =(E16-E17)/E17 -> 0.15525452 | G16: =(E16-E20)/E20 -> 0.1880714 | I16: =E16/('Total Market by Category Rev'!G14+'Total Market by Category Rev'!H14) -> 0.67788611
A17: 2024 | B17: =$A$1&A17 -> FY2024 | D17: Mar Qtr 24 | E17: 944.9 | F17: =(E17-E18)/E18 -> -0.13943534 | G17: =(E17-E21)/E21 -> 0.21032407 | I17: =E17/('Total Market by Category Rev'!G15+'Total Market by Category Rev'!H15) -> 0.66744367
A18: 2024 | B18: =$A$1&A18 -> FY2024 | D18: Dec Qtr 23 | E18: 1098 | F18: =(E18-E19)/E19 -> 0.13723459 | G18: =(E18-E22)/E22 -> 0.19620874 | I18: =E18/('Total Market by Category Rev'!G16+'Total Market by Category Rev'!H16) -> 0.6650112 | J18: =TRIM(_xlfn.TEXTAFTER(D18," ",2)) -> 23
A19: 2024 | B19: =$A$1&A19 -> FY2024 | D19: Sept Qtr 23 | E19: 965.5 | F19: =(E19-E20)/E20 -> 0.050827166 | G19: =(E19-E23)/E23 -> 0.14858434 | I19: =E19/('Total Market by Category Rev'!G17+'Total Market by Category Rev'!H17) -> 0.664533 | J19: =TRIM(_xlfn.TEXTAFTER(D19," ",2)) -> 23
A20: 2023 | B20: =$A$1&A20 -> FY2023 | D20: Jun Qtr 23 | E20: 918.8 | F20: =(E20-E21)/E21 -> 0.17689253 | G20: =(E20-E24)/E24 -> 0.11844187 | I20: =E20/('Total Market by Category Rev'!G18+'Total Market by Category Rev'!H18) -> 0.64978784 | J20: =TRIM(_xlfn.TEXTAFTER(D20," ",2)) -> 23
A21: 2023 | B21: =$A$1&A21 -> FY2023 | D21: Mar Qtr 23 | E21: 780.7 | F21: =(E21-E22)/E22 -> -0.14947162 | G21: =(E21-E25)/E25 -> 0.075788893 | I21: =E21/('Total Market by Category Rev'!G19+'Total Market by Category Rev'!H19) -> 0.63554217 | J21: =TRIM(_xlfn.TEXTAFTER(D21," ",2)) -> 23
A22: =A18-1 -> 2023 | B22: =$A$1&A22 -> FY2023 | D22: Dec Qtr 22 | E22: ='General Display by Type'!G28 -> 917.9 | F22: =(E22-E23)/E23 -> 0.091958125 | G22: =(E22-E26)/E26 -> 0.10697057 | I22: =E22/('Total Market by Category Rev'!G20+'Total Market by Category Rev'!H20) -> 0.6071972 | J22: =TRIM(_xlfn.TEXTAFTER(D22," ",2)) -> 22
A23: =A19-1 -> 2023 | B23: =$A$1&A23 -> FY2023 | D23: Sept Qtr 22 | E23: ='General Display by Type'!G29 -> 840.6 | F23: =(E23-E24)/E24 -> 0.023250152 | G23: =(E23-E27)/E27 -> 0.044483101 | I23: =E23/('Total Market by Category Rev'!G21+'Total Market by Category Rev'!H21) -> 0.62549297 | J23: =TRIM(_xlfn.TEXTAFTER(D23," ",2)) -> 22
A24: =A20-1 -> 2022 | B24: =$A$1&A24 -> FY2022 | D24: Jun Qtr 22 | E24: ='General Display by Type'!G30 -> 821.5 | F24: =(E24-E25)/E25 -> 0.13201047 | G24: =(E24-E28)/E28 -> 0.13279095 | I24: =E24/('Total Market by Category Rev'!G22+'Total Market by Category Rev'!H22) -> 0.58089379 | J24: =TRIM(_xlfn.TEXTAFTER(D24," ",2)) -> 22
A25: =A21-1 -> 2022 | B25: =$A$1&A25 -> FY2022 | D25: Mar Qtr 22 | E25: ='General Display by Type'!G31 -> 725.7 | F25: =(E25-E26)/E26 -> -0.1248191 | G25: =(E25-E29)/E29 -> 0.23712922 | I25: =E25/('Total Market by Category Rev'!G23+'Total Market by Category Rev'!H23) -> 0.57567825 | J25: =TRIM(_xlfn.TEXTAFTER(D25," ",2)) -> 22
A26: =A22-1 -> 2022 | B26: =$A$1&A26 -> FY2022 | D26: Dec Qtr 21 | E26: ='General Display by Type'!G32 -> 829.2 | F26: =(E26-E27)/E27 -> 0.030318091 | G26: =(E26-E30)/E30 -> 0.27295057 | I26: =E26/('Total Market by Category Rev'!G24+'Total Market by Category Rev'!H24) -> 0.56140826 | J26: =TRIM(_xlfn.TEXTAFTER(D26," ",2)) -> 21
A27: =A23-1 -> 2022 | B27: =$A$1&A27 -> FY2022 | D27: Sept Qtr 21 | E27: ='General Display by Type'!G33 -> 804.8 | F27: =(E27-E28)/E28 -> 0.10976282 | G27: =(E27-E31)/E31 -> 0.76336547 | I27: =E27/('Total Market by Category Rev'!G25+'Total Market by Category Rev'!H25) -> 0.62122733 | J27: =TRIM(_xlfn.TEXTAFTER(D27," ",2)) -> 21
A28: =A24-1 -> 2021 | B28: =$A$1&A28 -> FY2021 | D28: Jun Qtr 21 | E28: ='General Display by Type'!G34 -> 725.2 | F28: =(E28-E29)/E29 -> 0.23627685 | G28: =(E28-E32)/E32 -> 0.7796319 | I28: =E28/('Total Market by Category Rev'!G26+'Total Market by Category Rev'!H26) -> 0.56282499 | J28: =TRIM(_xlfn.TEXTAFTER(D28," ",2)) -> 21
A29: =A25-1 -> 2021 | B29: =$A$1&A29 -> FY2021 | D29: Mar Qtr 21 | E29: ='General Display by Type'!G35 -> 586.6 | F29: =(E29-E30)/E30 -> -0.099478047 | G29: =(E29-E33)/E33 -> 0.34912603 | I29: =E29/('Total Market by Category Rev'!G27+'Total Market by Category Rev'!H27) -> 0.54577596 | J29: =TRIM(_xlfn.TEXTAFTER(D29," ",2)) -> 21
A30: =A26-1 -> 2021 | B30: =$A$1&A30 -> FY2021 | D30: Dec Qtr 20 | E30: ='General Display by Type'!G36 -> 651.4 | F30: =(E30-E31)/E31 -> 0.42725679 | G30: =(E30-E34)/E34 -> 0.42475941 | I30: =E30/('Total Market by Category Rev'!G28+'Total Market by Category Rev'!H28) -> 0.53688288 | J30: =TRIM(_xlfn.TEXTAFTER(D30," ",2)) -> 20
A31: =A27-1 -> 2021 | B31: =$A$1&A31 -> FY2021 | D31: Sept Qtr 20 | E31: ='General Display by Type'!G37 -> 456.4 | F31: =(E31-E32)/E32 -> 0.12 | G31: =(E31-E35)/E35 -> 0.10401548 | I31: =E31/('Total Market by Category Rev'!G29+'Total Market by Category Rev'!H29) -> 0.51617281 | J31: =TRIM(_xlfn.TEXTAFTER(D31," ",2)) -> 20
A32: =A28-1 -> 2020 | B32: =$A$1&A32 -> FY2020 | D32: Jun Qtr 20 | E32: ='General Display by Type'!G38 -> 407.5 | F32: =(E32-E33)/E33 -> -0.062787489 | G32: =(E32-E36)/E36 -> -0.0048840049 | I32: =E32/('Total Market by Category Rev'!G30+'Total Market by Category Rev'!H30) -> 0.52567079 | J32: =TRIM(_xlfn.TEXTAFTER(D32," ",2)) -> 20
A33: =A29-1 -> 2020 | B33: =$A$1&A33 -> FY2020 | D33: Mar Qtr 20 | E33: ='General Display by Type'!G39 -> 434.8 | F33: =(E33-E34)/E34 -> -0.048993876 | G33: 0.17512897 | I33: =E33/('Total Market by Category Rev'!G31+'Total Market by Category Rev'!H31) -> 0.52486721 | J33: =TRIM(_xlfn.TEXTAFTER(D33," ",2)) -> 20
A34: =A30-1 -> 2020 | B34: =$A$1&A34 -> FY2020 | D34: Dec Qtr 19 | E34: 457.2 | F34: =(E34-E35)/E35 -> 0.10595065 | G34: =(E34-E38)/E38 -> 0.21822542 | I34: =E34/('Total Market by Category Rev'!G32+'Total Market by Category Rev'!H32) -> 0.48607272 | J34: =TRIM(_xlfn.TEXTAFTER(D34," ",2)) -> 19
A35: =A31-1 -> 2020 | B35: =$A$1&A35 -> FY2020 | D35: Sept Qtr 19 | E35: 413.4 | F35: =(E35-E36)/E36 -> 0.0095238095 | G35: =(E35-E39)/E39 -> 0.25883069 | I35: =E35/('Total Market by Category Rev'!G33+'Total Market by Category Rev'!H33) -> 0.47880473 | J35: =TRIM(_xlfn.TEXTAFTER(D35," ",2)) -> 19
A36: =A32-1 -> 2019 | B36: =$A$1&A36 -> FY2019 | D36: Jun Qtr 19 | E36: 409.5 | F36: 0.112 | G36: 0.167 | I36: =E36/('Total Market by Category Rev'!G34+'Total Market by Category Rev'!H34) -> 0.47417786 | J36: =TRIM(_xlfn.TEXTAFTER(D36," ",2)) -> 19
A37: =A33-1 -> 2019 | B37: =$A$1&A37 -> FY2019 | D37: Mar Qtr 19 | E37: 368.3 | F37: -0.019 | G37: 0.151 | I37: =E37/('Total Market by Category Rev'!G35+'Total Market by Category Rev'!H35) -> 0.46095119 | J37: =TRIM(_xlfn.TEXTAFTER(D37," ",2)) -> 19
A38: =A34-1 -> 2019 | B38: =$A$1&A38 -> FY2019 | D38: Dec Qtr 18 | E38: 375.3 | F38: 0.143 | G38: 0.09 | I38: =E38/('Total Market by Category Rev'!G36+'Total Market by Category Rev'!H36) -> 0.42560671 | J38: =TRIM(_xlfn.TEXTAFTER(D38," ",2)) -> 18
A39: =A35-1 -> 2019 | B39: =$A$1&A39 -> FY2019 | D39: Sept Qtr 18 | E39: 328.4 | F39: -0.064 | G39: 0.179 | I39: =E39/('Total Market by Category Rev'!G37+'Total Market by Category Rev'!H37) -> 0.39912494 | J39: =TRIM(_xlfn.TEXTAFTER(D39," ",2)) -> 18
A40: =A36-1 -> 2018 | B40: =$A$1&A40 -> FY2018 | D40: Jun Qtr 18 | E40: 351 | F40: 0.097 | G40: 0.492 | I40: =E40/('Total Market by Category Rev'!G38+'Total Market by Category Rev'!H38) -> 0.42406669 | J40: =TRIM(_xlfn.TEXTAFTER(D40," ",2)) -> 18
A41: =A37-1 -> 2018 | B41: =$A$1&A41 -> FY2018 | D41: Mar Qtr 18 | E41: 320 | F41: -0.07 | G41: 0.381 | I41: =E41/('Total Market by Category Rev'!G39+'Total Market by Category Rev'!H39) -> 0.41712525 | J41: =TRIM(_xlfn.TEXTAFTER(D41," ",2)) -> 18
A42: =A38-1 -> 2018 | B42: =$A$1&A42 -> FY2018 | D42: Dec Qtr 17 | E42: 344.2 | F42: 0.236 | G42: 0.414 | I42: =E42/('Total Market by Category Rev'!G40+'Total Market by Category Rev'!H40) -> 0.40811003 | J42: =TRIM(_xlfn.TEXTAFTER(D42," ",2)) -> 17
A43: =A39-1 -> 2018 | B43: =$A$1&A43 -> FY2018 | D43: Sept Qtr 17 | E43: 278.5 | F43: 0.184 | G43: 0.514 | I43: =E43/('Total Market by Category Rev'!G41+'Total Market by Category Rev'!H41) -> 0.39985642 | J43: =TRIM(_xlfn.TEXTAFTER(D43," ",2)) -> 17
A44: =A40-1 -> 2017 | B44: =$A$1&A44 -> FY2017 | D44: Jun Qtr 17 | E44: 235.2 | F44: 0.015 | G44: 0.321 | I44: =E44/('Total Market by Category Rev'!G42+'Total Market by Category Rev'!H42) -> 0.35073069 | J44: =TRIM(_xlfn.TEXTAFTER(D44," ",2)) -> 17
A45: =A41-1 -> 2017 | B45: =$A$1&A45 -> FY2017 | D45: Mar Qtr 17 | E45: 231.7 | F45: -0.048 | G45: 0.498 | I45: =E45/('Total Market by Category Rev'!G43+'Total Market by Category Rev'!H43) -> 0.36328003 | J45: =TRIM(_xlfn.TEXTAFTER(D45," ",2)) -> 17
A46: =A42-1 -> 2017 | B46: =$A$1&A46 -> FY2017 | D46: Dec Qtr 16 | E46: 243.5 | F46: 0.323 | G46: 0.761 | I46: =E46/('Total Market by Category Rev'!G44+'Total Market by Category Rev'!H44) -> 0.32958852 | J46: =TRIM(_xlfn.TEXTAFTER(D46," ",2)) -> 16
A47: =A43-1 -> 2017 | B47: =$A$1&A47 -> FY2017 | D47: Sept Qtr 16 | E47: 184 | F47: 0.033 | G47: 0.427 | I47: =E47/('Total Market by Category Rev'!G45+'Total Market by Category Rev'!H45) -> 0.27328086 | J47: =TRIM(_xlfn.TEXTAFTER(D47," ",2)) -> 16
... A59: =A55-1 -> 2014 | B59: =$A$1&A59 -> FY2014 | D59: Sept Qtr 13 | E59: 43.1 | F59: 0.207 | G59: 1.144 | I59: =E59/('Total Market by Category Rev'!G57+'Total Market by Category Rev'!H57) -> 0.14580514 | J59: =TRIM(_xlfn.TEXTAFTER(D59," ",2)) -> 13
D60: Note: Percentage changes are calculated based on raw data and may differ from the percentage changes implied by the rounded expenditure figures presented in the table.
D65: Video by financial year
D67: Period | E67: Video expenditure ($m) | F67: Growth | I67: Video share of Display
D69: FY2026 | E69: =SUMIFS($E$8:$E$59,$B$8:$B$59,$D69) -> 5936.4 | F69: =(E69-E70)/E70 -> 0.1882068 | I69: =E69/'General Display by Type'!J95 -> 0.73115578
D70: FY2025 | E70: =SUMIFS($E$8:$E$59,$B$8:$B$59,$D70) -> 4996.1 | F70: =(E70-E71)/E71 -> 0.21856098 | I70: =E70/'General Display by Type'!J96 -> 0.70986488
D71: FY2024 | E71: =SUMIFS($E$8:$E$59,$B$8:$B$59,$D71) -> 4100 | F71: =(E71-E72)/E72 -> 0.18565645 | I71: =E71/'General Display by Type'!J97 -> 0.66883085
D72: FY2023 | E72: =SUMIFS($E$8:$E$59,$B$8:$B$59,$D72) -> 3458 | F72: =(E72-E73)/E73 -> 0.087011191 | I72: =E72/'General Display by Type'!J98 -> 0.62895598
D73: FY2022 | E73: =SUMIFS($E$8:$E$59,$B$8:$B$59,$D73) -> 3181.2 | F73: =(E73-E74)/E74 -> 0.31476277 | I73: =E73/'General Display by Type'!J99 -> 0.58399574
D74: FY2021 | E74: =SUMIFS($E$8:$E$59,$B$8:$B$59,$D74) -> 2419.6 | F74: =(E74-E75)/E75 -> 0.41257516 | I74: =E74/'General Display by Type'!J100 -> 0.54240176
D75: FY2020 | E75: =SUMIFS($E$8:$E$59,$B$8:$B$59,$D75) -> 1712.9 | F75: =(E75-E76)/E76 -> 0.15619305 | I75: =E75/'General Display by Type'!J101 -> 0.50268525
D76: FY2019 | E76: =SUMIFS($E$8:$E$59,$B$8:$B$59,$D76) -> 1481.5 | F76: =(E76-E77)/E77 -> 0.14516503 | I76: =E76/'General Display by Type'!J102 -> 0.43997981
D77: FY2018 | E77: =SUMIFS($E$8:$E$59,$B$8:$B$59,$D77) -> 1293.7 | F77: =(E77-E78)/E78 -> 0.44644454 | I77: =E77/'General Display by Type'!J103 -> 0.4126898
D78: FY2017 | E78: =SUMIFS($E$8:$E$59,$B$8:$B$59,$D78) -> 894.4 | F78: =(E78-E79)/E79 -> 0.49066667 | I78: N/A
D79: FY2016 | E79: =SUMIFS($E$8:$E$59,$B$8:$B$59,$D79) -> 600 | F79: N/A | I79: N/A
D80: Note: Percentage changes are calculated based on raw data and may differ from the percentage changes implied by the rounded expenditure figures presented in the table.

Sheet Audio
A1: FY
E2: Quarterly historical audio advertising expenditure data
E5: Period | F5: Podcast | G5: Streaming | H5: Total online audio advertising | I5: Online audio advertising growth | L5: Online audio share of total general display | M5: Calendar Year
F6: ($m) | G6: ($m) | H6: ($m) | I6: Qtr / Qtr | J6: Year / Year
A7: 2026 | B7: =$A$1&A7 -> FY2026 | E7: Jun Qtr 26 | F7: 40 | G7: 53.6 | H7: =F7+G7 -> 93.6 | I7: 0.12 | J7: 0.093 | L7: =H7/('Total Market by Category Rev'!G6+'Total Market by Category Rev'!H6) -> 0.041463631
A8: 2026 | B8: =$A$1&A8 -> FY2026 | E8: Mar Qtr 26 | F8: 32.6 | G8: 50.9 | H8: =F8+G8 -> 83.5 | I8: -0.112 | J8: =(H8-H12)/H12 -> 0.083009079 | L8: =H8/('Total Market by Category Rev'!G7+'Total Market by Category Rev'!H7) -> 0.04358265
A9: 2026 | B9: =$A$1&A9 -> FY2026 | E9: Dec Qtr 25 | F9: 35.8 | G9: 58.4 | H9: 94.2 | I9: =(H9-H10)/H10 -> 0.15299878 | J9: =(H9-H13)/H13 -> 0.051339286 | L9: =H9/('Total Market by Category Rev'!G8+'Total Market by Category Rev'!H8) -> 0.044810199
A10: 2026 | B10: =$A$1&A10 -> FY2026 | E10: Sept Qtr 25 | F10: 33.9 | G10: 47.8 | H10: =SUM(F10:G10) -> 81.7 | I10: =(H10-H11)/H11 -> -0.045560748 | J10: =(H10-H14)/H14 -> 0.034177215 | L10: =H10/('Total Market by Category Rev'!G9+'Total Market by Category Rev'!H9) -> 0.04431547
A11: 2025 | B11: =$A$1&A11 -> FY2025 | E11: Jun Qtr 25 | F11: 35.3 | G11: 50.3 | H11: =SUM(F11:G11) -> 85.6 | I11: =(H11-H12)/H12 -> 0.11024643 | J11: =(H11-H15)/H15 -> 0.084917617 | L11: 0.045
A12: 2025 | B12: =$A$1&A12 -> FY2025 | E12: Mar Qtr 25 | F12: 29 | G12: 48.1 | H12: =SUM(F12:G12) -> 77.1 | I12: =(H12-H13)/H13 -> -0.13950893 | J12: =(H12-H16)/H16 -> 0.17709924 | L12: 0.048
A13: 2025 | B13: =$A$1&A13 -> FY2025 | E13: Dec Qtr 24 | F13: 33.6 | G13: 56 | H13: =SUM(F13:G13) -> 89.6 | I13: =(H13-H14)/H14 -> 0.13417722 | J13: =(H13-H17)/H17 -> 0.15167095 | L13: =H13/('Total Market by Category Rev'!G12+'Total Market by Category Rev'!H12) -> 0.048281065
A14: 2025 | B14: =$A$1&A14 -> FY2025 | E14: Sept Qtr 24 | F14: 31.4 | G14: 47.6 | H14: =SUM(F14:G14) -> 79 | I14: =(H14-H15)/H15 -> 0.0012674271 | J14: =(H14-H18)/H18 -> 0.1634757 | L14: =H14/('Total Market by Category Rev'!G13+'Total Market by Category Rev'!H13) -> 0.047642021
A15: 2024 | B15: =$A$1&A15 -> FY2024 | E15: Jun Qtr 24 | F15: 30.2 | G15: 48.7 | H15: =SUM(F15:G15) -> 78.9 | I15: =(H15-H16)/H16 -> 0.20458015 | J15: =(H15-H19)/H19 -> 0.15859031 | L15: =H15/('Total Market by Category Rev'!G14+'Total Market by Category Rev'!H14) -> 0.048997081
A16: 2024 | B16: =$A$1&A16 -> FY2024 | E16: Mar Qtr 24 | F16: 22.9 | G16: 42.6 | H16: =SUM(F16:G16) -> 65.5 | I16: =(H16-H17)/H17 -> -0.15809769 | J16: =(H16-H20)/H20 -> 0.26204239 | L16: =H16/('Total Market by Category Rev'!G15+'Total Market by Category Rev'!H15) -> 0.046266864
A17: 2024 | B17: =$A$1&A17 -> FY2024 | E17: Dec Qtr 23 | F17: 27 | G17: 50.8 | H17: =SUM(F17:G17) -> 77.8 | I17: =(H17-H18)/H18 -> 0.14580265 | J17: =(H17-H21)/H21 -> 0.38188277 | L17: =H17/('Total Market by Category Rev'!G16+'Total Market by Category Rev'!H16) -> 0.047120102
A18: 2024 | B18: =$A$1&A18 -> FY2024 | E18: Sept Qtr 23 | F18: 24.8 | G18: 43.1 | H18: =SUM(F18:G18) -> 67.9 | I18: =(H18-H19)/H19 -> -0.0029368576 | J18: =(H18-H22)/H22 -> 0.16068376 | L18: =H18/('Total Market by Category Rev'!G17+'Total Market by Category Rev'!H17) -> 0.046734118
A19: 2023 | B19: =$A$1&A19 -> FY2023 | E19: Jun Qtr 23 | F19: 27.5 | G19: 40.6 | H19: =SUM(F19:G19) -> 68.1 | I19: =(H19-H20)/H20 -> 0.31213873 | J19: =(H19-H23)/H23 -> 0.14070352 | L19: =H19/('Total Market by Category Rev'!G18+'Total Market by Category Rev'!H18) -> 0.048161245
A20: 2023 | B20: =$A$1&A20 -> FY2023 | E20: Mar Qtr 23 | F20: 19.8 | G20: 32.1 | H20: =SUM(F20:G20) -> 51.9 | I20: =(H20-H21)/H21 -> -0.078152753 | J20: =(H20-H24)/H24 -> 0.13071895 | L20: =H20/('Total Market by Category Rev'!G19+'Total Market by Category Rev'!H19) -> 0.042250081
A21: =A17-1 -> 2023 | B21: =$A$1&A21 -> FY2023 | E21: Dec Qtr 22 | F21: 22.3 | G21: 34 | H21: =SUM(F21:G21) -> 56.3 | I21: =(H21-H22)/H22 -> -0.037606838 | J21: N/A | L21: =H21/('Total Market by Category Rev'!G20+'Total Market by Category Rev'!H20) -> 0.037242839
A22: =A18-1 -> 2023 | B22: =$A$1&A22 -> FY2023 | E22: Sept Qtr 22 | F22: 20.8 | G22: 37.7 | H22: =SUM(F22:G22) -> 58.5 | I22: =(H22-H23)/H23 -> -0.020100503 | J22: N/A | L22: =H22/('Total Market by Category Rev'!G21+'Total Market by Category Rev'!H21) -> 0.043530025
A23: =A19-1 -> 2022 | B23: =$A$1&A23 -> FY2022 | E23: Jun Qtr 22 | F23: 22.1 | G23: 37.6 | H23: =SUM(F23:G23) -> 59.7 | I23: =(H23-H24)/H24 -> 0.30065359 | J23: N/A | L23: =H23/('Total Market by Category Rev'!G22+'Total Market by Category Rev'!H22) -> 0.04221468
A24: =A20-1 -> 2022 | B24: =$A$1&A24 -> FY2022 | E24: Mar Qtr 22 | F24: 16.4 | G24: 29.5 | H24: =SUM(F24:G24) -> 45.9 | I24: N/A | J24: N/A | L24: =H24/('Total Market by Category Rev'!G23+'Total Market by Category Rev'!H23) -> 0.036411233
E26: Quarterly historical audio advertising expenditure data
E28: Period | F28: Podcast | G28: Streaming | H28: Total online audio advertising | I28: Online audio advertising growth | L28: Online audio share of total general display
F29: ($m) | G29: ($m) | H29: ($m)
E30: FY2026 | F30: =SUMIFS(F$7:F$24,$B$7:$B$24,$E30) -> 142.3 | G30: =SUMIFS(G$7:G$24,$B$7:$B$24,$E30) -> 210.7 | H30: =F30+G30 -> 353 | I30: 0.066 | L30: =H30/'General Display by Type'!J95 -> 0.04347719
E31: FY2025 | F31: =SUMIFS(F$7:F$24,$B$7:$B$24,$E31) -> 129.3 | G31: =SUMIFS(G$7:G$24,$B$7:$B$24,$E31) -> 202 | H31: =F31+G31 -> 331.3 | I31: =(H31-H32)/H32 -> 0.14201999 | L31: =H31/'General Display by Type'!J96 -> 0.047072363
E32: FY2024 | F32: =SUMIFS(F$7:F$24,$B$7:$B$24,$E32) -> 104.9 | G32: =SUMIFS(G$7:G$24,$B$7:$B$24,$E32) -> 185.2 | H32: =F32+G32 -> 290.1 | I32: =(H32-H33)/H33 -> 0.23551959 | L32: =H32/'General Display by Type'!J97 -> 0.047323861
E33: FY2023 | F33: =SUMIFS(F$7:F$24,$B$7:$B$24,$E33) -> 90.4 | G33: =SUMIFS(G$7:G$24,$B$7:$B$24,$E33) -> 144.4 | H33: =SUM(F33:G33) -> 234.8 | I33: N/A | L33: =H33/'General Display by Type'!J98 -> 0.042706439

Sheet General Display by Buying Type
C7: Breakdown of general display advertising by buying type - quarter (%)
C10: Period | D10: Agency (via IO) | E10: Direct | F10: Programmatic (Guaranteed) | G10: Programmatic (RTB/PMP)
D11: % | E11: % | F11: % | G11: %
C12: Jun Qtr 26 | D12: 0.43 | E12: 0.17 | F12: 0.12 | G12: 0.28
C13: Mar Qtr 26 | D13: 0.48 | E13: 0.15 | F13: 0.13 | G13: 0.24
C14: Dec Qtr 25 | D14: 0.46 | E14: 0.15 | F14: 0.15 | G14: 0.24
C15: Sept Qtr 25 | D15: 0.48 | E15: 0.15 | F15: 0.14 | G15: 0.23
C16: Jun Qtr 25 | D16: 0.46 | E16: 0.15 | F16: 0.13 | G16: 0.26
C17: Mar Qtr 25 | D17: 0.46 | E17: 0.14 | F17: 0.14 | G17: 0.26
C18: Dec Qtr 24 | D18: 0.43 | E18: 0.15 | F18: 0.15 | G18: 0.27
C19: Sept Qtr 24 | D19: 0.48 | E19: 0.17 | F19: 0.13 | G19: 0.22
C20: Jun Qtr 24 | D20: 0.4 | E20: 0.18 | F20: 0.15 | G20: 0.27
C21: Mar Qtr 24 | D21: 0.43 | E21: 0.18 | F21: 0.14 | G21: 0.25
C22: Dec Qtr 23 | D22: 0.42 | E22: 0.18 | F22: 0.16 | G22: 0.24
C23: Sept Qtr 23 | D23: 0.43 | E23: 0.17 | F23: 0.16 | G23: 0.24
... C42: Dec Qtr 18 | D42: 0.51 | E42: 0.15 | F42: 0.09 | G42: 0.25
C45: Expenditure by buying type presented above is only in relation to content publishers and percentages presented above cannot be extrapolated across total general display expenditure.
C47: Breakdown of general display advertising by buying type - financial year (%)
C49: Period | D49: Agency (via IO) | E49: Direct | F49: Programmatic (Guaranteed) | G49: Programmatic (RTB/PMP)
D50: % | E50: % | F50: % | G50: %
C51: FY2026 | D51: 0.46 | E51: 0.15 | F51: 0.14 | G51: 0.25
C52: FY2025 | D52: 0.46 | E52: 0.15 | F52: 0.14 | G52: 0.25
C53: FY2024 | D53: 0.42 | E53: 0.18 | F53: 0.15 | G53: 0.25
C54: FY2023 | D54: 0.46 | E54: 0.15 | F54: 0.15 | G54: 0.24
C55: FY2022 | D55: 0.42 | E55: 0.16 | F55: 0.14 | G55: 0.28
C56: FY2021 | D56: 0.41 | E56: 0.16 | F56: 0.12 | G56: 0.31
C57: FY2020 | D57: 0.43 | E57: 0.16 | F57: 0.1 | G57: 0.31
C59: Expenditure by buying type presented above is only in relation to content publishers and percentages presented above cannot be extrapolated across total general display expenditure.

Sheet Video by Device
B7: Breakdown of general display video advertising by device - quarter (%)
B10: Period | C10: Desktop | D10: Mobile | E10: Connected TV
C11: % | D11: % | E11: %
B12: Jun Qtr 26 | C12: 0.24 | D12: 0.14 | E12: 0.62
B13: Mar Qtr 26 | C13: 0.27 | D13: 0.17 | E13: 0.56
B14: Dec Qtr 25 | C14: 0.26 | D14: 0.15 | E14: 0.59
B15: Sept Qtr 25 | C15: 0.24 | D15: 0.14 | E15: 0.62
B16: Jun Qtr 25 | C16: 0.29 | D16: 0.12 | E16: 0.59
B17: Mar Qtr 25 | C17: 0.42 | D17: 0.12 | E17: 0.46
B18: Dec Qtr 24 | C18: 0.32 | D18: 0.13 | E18: 0.55
B19: Sept Qtr 24 | C19: 0.45 | D19: 0.11 | E19: 0.44
B20: Jun Qtr 24 | C20: 0.3 | D20: 0.15 | E20: 0.55
B21: Mar Qtr 24 | C21: 0.33 | D21: 0.16 | E21: 0.51
B22: Dec Qtr 23 | C22: 0.29 | D22: 0.14 | E22: 0.57
B23: Sept Qtr 23 | C23: 0.25 | D23: 0.2 | E23: 0.55
... B42: Dec Qtr 18 | C42: 0.48 | D42: 0.29 | E42: 0.23
B44: Expenditure by device presented above is only in relation to content publishers and percentages presented above cannot be extrapolated across total general display expenditure.
B46: Breakdown of general display video advertising by device - financial year (%)
B48: Period | C48: Desktop | D48: Mobile | E48: Connected TV
C49: % | D49: % | E49: %
B50: FY2026 | C50: 0.25 | D50: 0.15 | E50: 0.6
B51: FY2025 | C51: 0.37 | D51: 0.12 | E51: 0.51
B52: FY2024 | C52: 0.29 | D52: 0.16 | E52: 0.55
B53: FY2023 | C53: 0.34 | D53: 0.19 | E53: 0.47
B54: FY2022 | C54: 0.33 | D54: 0.23 | E54: 0.44
B55: FY2021 | C55: 0.32 | D55: 0.21 | E55: 0.47
B56: FY2020 | C56: 0.36 | D56: 0.26 | E56: 0.38
B58: Expenditure by device presented above is only in relation to content publishers and percentages presented above cannot be extrapolated across total general display expenditure.

Sheet Ad Industry Share Display- GD
B3: Advertiser Industry Category | C3: Mar | D3: Jun | E3: Sept | F3: Dec | G3: Mar | H3: Jun | I3: Sept | J3: Dec | K3: Mar | L3: Jun | M3: Sept | N3: Dec | O3: Mar | P3: Jun | Q3: Sept | R3: Dec | S3: Mar | T3: Jun | U3: Sept | V3: Dec | W3: Mar | X3: Jun | Y3: Sept | Z3: Dec | AA3: Mar | AB3: Jun | AC3: Sept | AD3: Dec | AE3: Mar | AF3: Jun | AG3: Sept | AH3: Dec | AI3: Mar | AJ3: Jun | AK3: Sept | AL3: Dec | AM3: Mar | AN3: Jun | AO3: Trend
C4: 17 | D4: 17 | E4: 17 | F4: 17 | G4: 18 | H4: 18 | I4: 18 | J4: 18 | K4: 19 | L4: 19 | M4: 19 | N4: 19 | O4: 20 | P4: 20 | Q4: 20 | R4: 20 | S4: 21 | T4: 21 | U4: 21 | V4: 21 | W4: 22 | X4: 22 | Y4: 22 | Z4: 22 | AA4: 23 | AB4: 23 | AC4: 23 | AD4: 23 | AE4: 24 | AF4: 24 | AG4: 24 | AH4: 24 | AI4: 25 | AJ4: 25 | AK4: 25 | AL4: 25 | AM4: 26 | AN4: 26 | AO4: Mar 2017 to Jun 2026
B5: Alcoholic Beverages | C5: 0.01 | D5: 0.002 | E5: 0.004032337 | F5: 0.0089141852 | G5: 0.008795041 | H5: 0.0084820767 | I5: 0.0080586154 | J5: 0.0092111613 | K5: 0.010243303 | L5: 0.0075742863 | M5: 0.014 | N5: 0.015 | O5: 0.01 | P5: 0.015 | Q5: 0.015 | R5: 0.014 | S5: 0.013 | T5: 0.012 | U5: 0.009 | V5: 0.015 | W5: 0.012 | X5: 0.013 | Y5: 0.02 | Z5: 0.019 | AA5: 0.019393902 | AB5: 0.01331386 | AC5: 0.010939726 | AD5: 0.023960938 | AE5: 0.018854788 | AF5: 0.013856845 | AG5: 0.009 | AH5: 0.018 | AI5: 0.018 | AJ5: 0.014 | AK5: 0.018 | AL5: 0.015872819 | AM5: 0.015 | AN5: 0.015
B6: Telecommunications | C6: 0.021 | D6: 0.033 | E6: 0.065481842 | F6: 0.024789913 | G6: 0.016476614 | H6: 0.032718222 | I6: 0.018354208 | J6: 0.018630957 | K6: 0.0096626608 | L6: 0.022621151 | M6: 0.0286 | N6: 0.027 | O6: 0.033 | P6: 0.035 | Q6: 0.031 | R6: 0.024 | S6: 0.038 | T6: 0.029 | U6: 0.033 | V6: 0.022 | W6: 0.016 | X6: 0.02 | Y6: 0.022 | Z6: 0.014 | AA6: 0.029958623 | AB6: 0.017848616 | AC6: 0.02290406 | AD6: 0.015461435 | AE6: 0.017090685 | AF6: 0.016216557 | AG6: 0.051 | AH6: 0.018 | AI6: 0.021 | AJ6: 0.025 | AK6: 0.025 | AL6: 0.035917355 | AM6: 0.019 | AN6: 0.025
B7: Charities | C7: 0.007 | D7: 0.002 | E7: 0.0084542907 | F7: 0.0055118331 | G7: 0.0060492712 | H7: 0.0054326799 | I7: 0.0049975245 | J7: 0.0027502729 | K7: 0.0048741505 | L7: 0.0056780398 | M7: 0.0075 | N7: 0.004 | O7: 0.005 | P7: 0.006 | Q7: 0.004 | R7: 0.004 | S7: 0.005 | T7: 0.007 | U7: 0.018 | V7: 0.008 | W7: 0.005 | X7: 0.004 | Y7: 0.004 | Z7: 0.007 | AA7: 0.0064432746 | AB7: 0.010365563 | AC7: 0.008176053 | AD7: 0.0064610421 | AE7: 0.0083608963 | AF7: 0.0091797978 | AG7: 0.012 | AH7: 0.005 | AI7: 0.006 | AJ7: 0.008 | AK7: 0.007 | AL7: 0.008171249 | AM7: 0.009 | AN7: 0.007
B8: Technology | C8: 0.028 | D8: 0.022 | E8: 0.016479088 | F8: 0.020997482 | G8: 0.010257897 | H8: 0.022388813 | I8: 0.029015514 | J8: 0.02917966 | K8: 0.024875006 | L8: 0.033195037 | M8: 0.0425 | N8: 0.017 | O8: 0.045 | P8: 0.074 | Q8: 0.066 | R8: 0.082 | S8: 0.056 | T8: 0.057 | U8: 0.081 | V8: 0.059 | W8: 0.056 | X8: 0.054 | Y8: 0.049 | Z8: 0.044 | AA8: 0.032765815 | AB8: 0.04412875 | AC8: 0.035405895 | AD8: 0.039238351 | AE8: 0.030523944 | AF8: 0.027554252 | AG8: 0.024 | AH8: 0.047 | AI8: 0.034 | AJ8: 0.028 | AK8: 0.033 | AL8: 0.025389245 | AM8: 0.027 | AN8: 0.029
B9: Education | C9: 0.015 | D9: 0.008 | E9: 0.016173579 | F9: 0.016114496 | G9: 0.013705456 | H9: 0.017605867 | I9: 0.012102806 | J9: 0.011853318 | K9: 0.014813372 | L9: 0.010660279 | M9: 0.0169 | N9: 0.015 | O9: 0.019 | P9: 0.014 | Q9: 0.015 | R9: 0.014 | S9: 0.013 | T9: 0.011 | U9: 0.012 | V9: 0.021 | W9: 0.019 | X9: 0.014 | Y9: 0.018 | Z9: 0.022 | AA9: 0.016052698 | AB9: 0.013765414 | AC9: 0.018497303 | AD9: 0.015473302 | AE9: 0.011965951 | AF9: 0.012376688 | AG9: 0.012 | AH9: 0.013 | AI9: 0.013 | AJ9: 0.011 | AK9: 0.011 | AL9: 0.014836316 | AM9: 0.012 | AN9: 0.013
B10: Entertainment & Media | C10: 0.102 | D10: 0.101 | E10: 0.08859188 | F10: 0.096057174 | G10: 0.10072984 | H10: 0.075322667 | I10: 0.089495328 | J10: 0.099829466 | K10: 0.10009063 | L10: 0.091693823 | M10: 0.0954 | N10: 0.129 | O10: 0.14 | P10: 0.1 | Q10: 0.103 | R10: 0.095 | S10: 0.109 | T10: 0.103 | U10: 0.072 | V10: 0.112 | W10: 0.117 | X10: 0.098 | Y10: 0.115 | Z10: 0.118 | AA10: 0.098136096 | AB10: 0.08942827 | AC10: 0.096812886 | AD10: 0.10792245 | AE10: 0.10182954 | AF10: 0.12848983 | AG10: 0.11 | AH10: 0.116 | AI10: 0.099 | AJ10: 0.105 | AK10: 0.108 | AL10: 0.09022438 | AM10: 0.09 | AN10: 0.094
B11: Finance | C11: 0.069 | D11: 0.058 | E11: 0.080878107 | F11: 0.063673449 | G11: 0.055282378 | H11: 0.064268397 | I11: 0.077313946 | J11: 0.078067098 | K11: 0.084928916 | L11: 0.078727259 | M11: 0.0661 | N11: 0.081 | O11: 0.083 | P11: 0.103 | Q11: 0.102 | R11: 0.089 | S11: 0.093 | T11: 0.095 | U11: 0.111 | V11: 0.097 | W11: 0.097 | X11: 0.097 | Y11: 0.095 | Z11: 0.067 | AA11: 0.095777891 | AB11: 0.099896989 | AC11: 0.087 | AD11: 0.064199712 | AE11: 0.074519536 | AF11: 0.07904373 | AG11: 0.089 | AH11: 0.075 | AI11: 0.084 | AJ11: 0.094 | AK11: 0.094 | AL11: 0.076894861 | AM11: 0.08 | AN11: 0.089
B12: FMCG | C12: 0.051 | D12: 0.078 | E12: 0.051561927 | F12: 0.045035756 | G12: 0.043953239 | H12: 0.041243357 | I12: 0.039348627 | J12: 0.040581512 | K12: 0.041578796 | L12: 0.040424665 | M12: 0.0537 | N12: 0.059 | O12: 0.068 | P12: 0.059 | Q12: 0.067 | R12: 0.085 | S12: 0.069 | T12: 0.07 | U12: 0.083 | V12: 0.053 | W12: 0.053 | X12: 0.068 | Y12: 0.063 | Z12: 0.06 | AA12: 0.056430832 | AB12: 0.053 | AC12: 0.057190106 | AD12: 0.056 | AE12: 0.053192872 | AF12: 0.061049616 | AG12: 0.051 | AH12: 0.075 | AI12: 0.074 | AJ12: 0.057 | AK12: 0.055 | AL12: 0.066247147 | AM12: 0.065 | AN12: 0.057
B13: Government | C13: 0.03 | D13: 0.019 | E13: 0.01919778 | F13: 0.03287443 | G13: 0.032098413 | H13: 0.04389007 | I13: 0.033437957 | J13: 0.03228866 | K13: 0.051194358 | L13: 0.066518062 | M13: 0.0237 | N13: 0.026 | O13: 0.032 | P13: 0.061 | Q13: 0.036 | R13: 0.031 | S13: 0.039 | T13: 0.041 | U13: 0.027 | V13: 0.026 | W13: 0.034 | X13: 0.054 | Y13: 0.025 | Z13: 0.028 | AA13: 0.037776528 | AB13: 0.045 | AC13: 0.023871739 | AD13: 0.02544855 | AE13: 0.028258667 | AF13: 0.03651267 | AG13: 0.029 | AH13: 0.029 | AI13: 0.035 | AJ13: 0.053 | AK13: 0.023 | AL13: 0.030281964 | AM13: 0.041 | AN13: 0.063
B14: Home Products / Services / Utilities | C14: 0.017 | D14: 0.011 | E14: 0.018330799 | F14: 0.029439768 | G14: 0.027603166 | H14: 0.036154237 | I14: 0.046968762 | J14: 0.026707831 | K14: 0.030585937 | L14: 0.028341843 | M14: 0.0349 | N14: 0.031 | O14: 0.036 | P14: 0.042 | Q14: 0.037 | R14: 0.035 | S14: 0.033 | T14: 0.036 | U14: 0.048 | V14: 0.044 | W14: 0.048 | X14: 0.037 | Y14: 0.049 | Z14: 0.037 | AA14: 0.029360547 | AB14: 0.03 | AC14: 0.043 | AD14: 0.03511594 | AE14: 0.030685619 | AF14: 0.042357645 | AG14: 0.054 | AH14: 0.047 | AI14: 0.043 | AJ14: 0.033 | AK14: 0.056 | AL14: 0.043039349 | AM14: 0.045 | AN14: 0.045
B15: Health & Beauty | C15: 0.024 | D15: 0.011 | E15: 0.035832007 | F15: 0.037082226 | G15: 0.028992936 | H15: 0.037258427 | I15: 0.028125929 | J15: 0.035644153 | K15: 0.038818986 | L15: 0.032083431 | M15: 0.0489 | N15: 0.048 | O15: 0.047 | P15: 0.039 | Q15: 0.061 | R15: 0.047 | S15: 0.046 | T15: 0.052 | U15: 0.051 | V15: 0.058 | W15: 0.049 | X15: 0.051 | Y15: 0.063 | Z15: 0.062 | AA15: 0.0497908 | AB15: 0.054129745 | AC15: 0.078638679 | AD15: 0.062557706 | AE15: 0.064860195 | AF15: 0.061400351 | AG15: 0.042 | AH15: 0.045 | AI15: 0.065 | AJ15: 0.057 | AK15: 0.054 | AL15: 0.047148758 | AM15: 0.044 | AN15: 0.051
B16: Insurance | C16: 0.021 | D16: 0.009 | E16: 0.050150716 | F16: 0.02874024 | G16: 0.020842486 | H16: 0.019594723 | I16: 0.01129754 | J16: 0.0084442345 | K16: 0.019710521 | L16: 0.017311751 | M16: 0.0222 | N16: 0.027 | O16: 0.035 | P16: 0.042 | Q16: 0.023 | R16: 0.017 | S16: 0.027 | T16: 0.031 | U16: 0.027 | V16: 0.023 | W16: 0.041 | X16: 0.034 | Y16: 0.037 | Z16: 0.024 | AA16: 0.041410219 | AB16: 0.046 | AC16: 0.024346873 | AD16: 0.023454393 | AE16: 0.03191207 | AF16: 0.03687829 | AG16: 0.029 | AH16: 0.026 | AI16: 0.046 | AJ16: 0.053 | AK16: 0.046 | AL16: 0.028517037 | AM16: 0.047 | AN16: 0.039
... B21: Travel | C21: 0.064 | D21: 0.08 | E21: 0.043202466 | F21: 0.038248398 | G21: 0.044818171 | H21: 0.033800524 | I21: 0.041443972 | J21: 0.059918389 | K21: 0.056769517 | L21: 0.07342663 | M21: 0.0815 | N21: 0.087 | O21: 0.069 | P21: 0.018 | Q21: 0.019 | R21: 0.024 | S21: 0.039 | T21: 0.052 | U21: 0.024 | V21: 0.045 | W21: 0.055 | X21: 0.056 | Y21: 0.049 | Z21: 0.046 | AA21: 0.071296292 | AB21: 0.067366775 | AC21: 0.047 | AD21: 0.037 | AE21: 0.057275917 | AF21: 0.050340014 | AG21: 0.059 | AH21: 0.047 | AI21: 0.058 | AJ21: 0.045 | AK21: 0.034 | AL21: 0.041198465 | AM21: 0.059 | AN21: 0.047
B22: Gambling | C22: ** | D22: 0.004 | E22: 0.015256006 | F22: 0.010852966 | G22: 0.013730927 | H22: 0.021880014 | I22: 0.025531962 | J22: 0.014741146 | K22: 0.025505179 | L22: 0.022867154 | M22: 0.0233 | N22: 0.028 | O22: 0.015 | P22: 0.015 | Q22: 0.013 | R22: 0.025 | S22: 0.026 | T22: 0.023 | U22: 0.034 | V22: 0.038 | W22: 0.037 | X22: 0.029 | Y22: 0.037 | Z22: 0.066 | AA22: 0.036564794 | AB22: 0.031090439 | AC22: 0.038380235 | AD22: 0.042 | AE22: 0.036294697 | AF22: 0.032051395 | AG22: 0.024 | AH22: 0.035 | AI22: 0.025 | AJ22: 0.026 | AK22: 0.042 | AL22: 0.03941162 | AM22: 0.032 | AN22: 0.037
B23: Other | C23: 0.103 | D23: 0.141 | E23: 0.01818757 | F23: 0.010429815 | G23: 0.047899571 | H23: 0.013888083 | I23: 0.022653679 | J23: 0.011421546 | K23: 0.04723955 | L23: 0.043085565 | M23: 0.0473 | N23: 0.075 | O23: 0.028 | P23: 0.042 | Q23: 0.019 | R23: 0.053 | S23: 0.028 | T23: 0.056 | U23: 0.042 | V23: 0.031 | W23: 0.02 | X23: 0.029 | Y23: 0.019 | Z23: 0.029 | AA23: 0.026165412 | AB23: 0.040292109 | AC23: 0.033 | AD23: 0.043 | AE23: 0.039541398 | AF23: 0.048315869 | AG23: 0.044 | AH23: 0.043 | AI23: 0.032 | AJ23: 0.048 | AK23: 0.044 | AL23: 0.058 | AM23: 0.04 | AN23: 0.023
B26: Trend Break 1: The contributor base for the industry category data has changed. As a result historical market shares have been restated from September 2017 to provide a like for like comparison.
B27: Trend Break 2: Due to the growth in the "other" category, an analysis was performed to split this category between inventory sold where the ultimate buyer is unknown and inventory sold where the buyer's industry is unable to be classified under our existing industry framework.
B28: This has resulted in a restatement of historicals so that the other category only reflects where the category does not meet the general definition of any listed category
B29: Note: Numbers may not add to 100% due to rounding. DSPs, sales to resellers, and publishers for whom General Display revenues are estimated are not included in the table above.

Sheet GD by Industry
C8: General Display Advertising Expenditure – Advertiser Industry Category, against immediate prior comparative period
C10: Advertiser Industry Category | D10: June Quarter 2026 | E10: March Quarter 2026 | F10: Percentage point
D11: % Share | E11: % Share | F11: change
C12: Alcoholic Beverages | D12: =_xlfn.XLOOKUP($C12,'Ad Industry Share Display- GD'!$B$5:$B$23,'Ad Industry Share Display- GD'!$AN$5:$AN$23) -> 0.015 | E12: 0.015 | F12: =D12-E12 -> 0
C13: Automotive | D13: =_xlfn.XLOOKUP($C13,'Ad Industry Share Display- GD'!$B$5:$B$23,'Ad Industry Share Display- GD'!$AN$5:$AN$23) -> 0.155 | E13: 0.146 | F13: =D13-E13 -> 0.009
C14: Charities | D14: =_xlfn.XLOOKUP($C14,'Ad Industry Share Display- GD'!$B$5:$B$23,'Ad Industry Share Display- GD'!$AN$5:$AN$23) -> 0.007 | E14: 0.009 | F14: =D14-E14 -> -0.002
C15: Education | D15: =_xlfn.XLOOKUP($C15,'Ad Industry Share Display- GD'!$B$5:$B$23,'Ad Industry Share Display- GD'!$AN$5:$AN$23) -> 0.013 | E15: 0.012 | F15: =D15-E15 -> 0.001
C16: Entertainment & Media | D16: =_xlfn.XLOOKUP($C16,'Ad Industry Share Display- GD'!$B$5:$B$23,'Ad Industry Share Display- GD'!$AN$5:$AN$23) -> 0.094 | E16: 0.09 | F16: 0.008
C17: Finance | D17: =_xlfn.XLOOKUP($C17,'Ad Industry Share Display- GD'!$B$5:$B$23,'Ad Industry Share Display- GD'!$AN$5:$AN$23) -> 0.089 | E17: 0.08 | F17: =D17-E17 -> 0.009
C18: FMCG | D18: =_xlfn.XLOOKUP($C18,'Ad Industry Share Display- GD'!$B$5:$B$23,'Ad Industry Share Display- GD'!$AN$5:$AN$23) -> 0.057 | E18: 0.065 | F18: =D18-E18 -> -0.008
C19: Gambling | D19: =_xlfn.XLOOKUP($C19,'Ad Industry Share Display- GD'!$B$5:$B$23,'Ad Industry Share Display- GD'!$AN$5:$AN$23) -> 0.037 | E19: 0.032 | F19: =D19-E19 -> 0.005
C20: Government | D20: =_xlfn.XLOOKUP($C20,'Ad Industry Share Display- GD'!$B$5:$B$23,'Ad Industry Share Display- GD'!$AN$5:$AN$23) -> 0.063 | E20: 0.041 | F20: =D20-E20 -> 0.022
C21: Health & Beauty | D21: =_xlfn.XLOOKUP($C21,'Ad Industry Share Display- GD'!$B$5:$B$23,'Ad Industry Share Display- GD'!$AN$5:$AN$23) -> 0.051 | E21: 0.044 | F21: =D21-E21 -> 0.007
C22: Home Products / Services / Utilities | D22: =_xlfn.XLOOKUP($C22,'Ad Industry Share Display- GD'!$B$5:$B$23,'Ad Industry Share Display- GD'!$AN$5:$AN$23) -> 0.045 | E22: 0.045 | F22: =D22-E22 -> 0
C23: Insurance | D23: =_xlfn.XLOOKUP($C23,'Ad Industry Share Display- GD'!$B$5:$B$23,'Ad Industry Share Display- GD'!$AN$5:$AN$23) -> 0.039 | E23: 0.047 | F23: =D23-E23 -> -0.008
C24: Other | D24: =_xlfn.XLOOKUP($C24,'Ad Industry Share Display- GD'!$B$5:$B$23,'Ad Industry Share Display- GD'!$AN$5:$AN$23) -> 0.023 | E24: 0.04 | F24: =D24-E24 -> -0.017
C25: Real Estate | D25: =_xlfn.XLOOKUP($C25,'Ad Industry Share Display- GD'!$B$5:$B$23,'Ad Industry Share Display- GD'!$AN$5:$AN$23) -> 0.045 | E25: 0.041 | F25: =D25-E25 -> 0.004
C26: Recruitment | D26: =_xlfn.XLOOKUP($C26,'Ad Industry Share Display- GD'!$B$5:$B$23,'Ad Industry Share Display- GD'!$AN$5:$AN$23) -> 0.003 | E26: 0.004 | F26: =D26-E26 -> -0.001
C27: Retail | D27: =_xlfn.XLOOKUP($C27,'Ad Industry Share Display- GD'!$B$5:$B$23,'Ad Industry Share Display- GD'!$AN$5:$AN$23) -> 0.163 | E27: 0.184 | F27: =D27-E27 -> -0.021
C28: Technology | D28: =_xlfn.XLOOKUP($C28,'Ad Industry Share Display- GD'!$B$5:$B$23,'Ad Industry Share Display- GD'!$AN$5:$AN$23) -> 0.029 | E28: 0.027 | F28: =D28-E28 -> 0.002
... C30: Travel | D30: =_xlfn.XLOOKUP($C30,'Ad Industry Share Display- GD'!$B$5:$B$23,'Ad Industry Share Display- GD'!$AN$5:$AN$23) -> 0.047 | E30: 0.059 | F30: =D30-E30 -> -0.012
C32: Note: Numbers may not add due to rounding. DSPs and sales to resellers are not included in the table above.
C34: General Display Advertising Expenditure – Advertiser Industry Category, against prior year comparative period
C36: Advertiser Industry Category | D36: =D10 -> June Quarter 2026 | E36: June Quarter 2025 | F36: Percentage point
D37: % Share | E37: % Share | F37: change
C38: Alcoholic Beverages | D38: =D12 -> 0.015 | E38: =_xlfn.XLOOKUP($C38,'Ad Industry Share Display- GD'!$B$5:$B$23,'Ad Industry Share Display- GD'!$AJ$5:$AJ$23) -> 0.014 | F38: =D38-E38 -> 0.001
C39: Automotive | D39: =D13 -> 0.155 | E39: =_xlfn.XLOOKUP($C39,'Ad Industry Share Display- GD'!$B$5:$B$23,'Ad Industry Share Display- GD'!$AJ$5:$AJ$23) -> 0.135 | F39: =D39-E39 -> 0.02
C40: Charities | D40: =D14 -> 0.007 | E40: =_xlfn.XLOOKUP($C40,'Ad Industry Share Display- GD'!$B$5:$B$23,'Ad Industry Share Display- GD'!$AJ$5:$AJ$23) -> 0.008 | F40: =D40-E40 -> -0.001
C41: Education | D41: =D15 -> 0.013 | E41: =_xlfn.XLOOKUP($C41,'Ad Industry Share Display- GD'!$B$5:$B$23,'Ad Industry Share Display- GD'!$AJ$5:$AJ$23) -> 0.011 | F41: =D41-E41 -> 0.002
C42: Entertainment & Media | D42: =D16 -> 0.094 | E42: =_xlfn.XLOOKUP($C42,'Ad Industry Share Display- GD'!$B$5:$B$23,'Ad Industry Share Display- GD'!$AJ$5:$AJ$23) -> 0.105 | F42: =D42-E42 -> -0.011
C43: Finance | D43: =D17 -> 0.089 | E43: =_xlfn.XLOOKUP($C43,'Ad Industry Share Display- GD'!$B$5:$B$23,'Ad Industry Share Display- GD'!$AJ$5:$AJ$23) -> 0.094 | F43: =D43-E43 -> -0.005
C44: FMCG | D44: =D18 -> 0.057 | E44: =_xlfn.XLOOKUP($C44,'Ad Industry Share Display- GD'!$B$5:$B$23,'Ad Industry Share Display- GD'!$AJ$5:$AJ$23) -> 0.057 | F44: =D44-E44 -> 0
C45: Gambling | D45: =D19 -> 0.037 | E45: =_xlfn.XLOOKUP($C45,'Ad Industry Share Display- GD'!$B$5:$B$23,'Ad Industry Share Display- GD'!$AJ$5:$AJ$23) -> 0.026 | F45: =D45-E45 -> 0.011
C46: Government | D46: =D20 -> 0.063 | E46: =_xlfn.XLOOKUP($C46,'Ad Industry Share Display- GD'!$B$5:$B$23,'Ad Industry Share Display- GD'!$AJ$5:$AJ$23) -> 0.053 | F46: =D46-E46 -> 0.01
C47: Health & Beauty | D47: =D21 -> 0.051 | E47: =_xlfn.XLOOKUP($C47,'Ad Industry Share Display- GD'!$B$5:$B$23,'Ad Industry Share Display- GD'!$AJ$5:$AJ$23) -> 0.057 | F47: =D47-E47 -> -0.006
C48: Home Products / Services / Utilities | D48: =D22 -> 0.045 | E48: =_xlfn.XLOOKUP($C48,'Ad Industry Share Display- GD'!$B$5:$B$23,'Ad Industry Share Display- GD'!$AJ$5:$AJ$23) -> 0.033 | F48: =D48-E48 -> 0.012
C49: Insurance | D49: =D23 -> 0.039 | E49: =_xlfn.XLOOKUP($C49,'Ad Industry Share Display- GD'!$B$5:$B$23,'Ad Industry Share Display- GD'!$AJ$5:$AJ$23) -> 0.053 | F49: =D49-E49 -> -0.014
... C56: Travel | D56: =D30 -> 0.047 | E56: =_xlfn.XLOOKUP($C56,'Ad Industry Share Display- GD'!$B$5:$B$23,'Ad Industry Share Display- GD'!$AJ$5:$AJ$23) -> 0.045 | F56: =D56-E56 -> 0.002
C58: Note: Numbers may not add due to rounding. DSPs and sales to resellers are not included in the table above.
